Workbook

Sheet TOTAL
B4: AÑO | C4: PROYECTOS | J4: VIABILIDAD | K4: VALOR DE PROYECTO
B5: 2022 | C5: VEREDA BARON GALLERO ACCESO PRINCIPAL CON SALIDA A BOGOTA | J5: 100 metros | K5: =+'01BARON_GALLERO_ACCESO_PRINCIPA'!$L$40 -> 1.8212213e+08
B6: 2022 | C6: VEREDA GERMANIA VÍA LA CASCAREJA | J6: 100 metros | K6: =+'02GERMANIA_VÍA_CASCAREJA'!$L$40 -> 1.8212213e+08
B7: 2023 | C7: VEREDA BARON GALLERO-EL TOBO HASTA VÍA LIBERTADOR | J7: 90 metros | K7: =+'03BARON_GALLERO_TOPO_VIA_LIBER'!$L$40 -> 1.6230627e+08
B8: 2023 | C8: VEREDA CHORRO ALTO BLANCO (SECTOR TIENDA NUEVA) | J8: 147 metros | K8: =+'04CHORRO_BLANCO_SECTOR_T.NUEVA'!$L$40 -> 2.7999731e+08
J9: TOTAL OBRAS | K9: =SUM(K5:K8) -> 8.0654785e+08
J10: INTERVENTORIA | K10: =+K9*0.07 -> 56458350 | L10: 0.07
J11: TOTAL DE PROYECTO | K11: =K9+K10 -> 8.630062e+08

Sheet _WORD
C3: Formulario 1 - Propuesta económica - Documento tipo de licitación de obra pública de infraestructura de transporte - versión 3
C4: Código | D4: CCE-EICP-FM-14 | E4: Versión | F4: 3
C5: FORMULARIO 1
C6: PRESUPUESTO OFICIAL
C7: [La entidad puede utilizar este formulario de detalle del presupuesto oficial para determinar las condiciones bajo las cuales los proponentes analizarán y presentarán su propuesta económica de forma detallada, sin perjuicio que la entidad pueda modificarlo o establecer la presentación de la oferta económica con un formulario distinto al indicado.]
C9: Adicionalmente, cuando el proceso de contratación es estructurado por precios unitarios, la Entidad debe aplicar las notas 1, 2 y 3 del presente formulario y las casillas de "Descripción", "Porcentaje" de la Administración, Imprevisto, Utilidad y total A.I.U. resaltadas en color amarillo. Tratándose de otras modalidades de precio, la Entidad puede o no configurar los mismos aspectos.
C11: Nº | D11: ÍTEM DE PAGO | E11: ESPECIFICACIONES | G11: DESCRIPCIÓN | H11: UND. | I11: CANTIDAD | J11: VALOR UNITARIO (SIN AIU) | K11: VALOR UNITARIO | L11: VALOR TOTAL
E12: GENERAL | F12: PARTICULAR
C13: CONSTRCCIÓN PLACA HUELLA
C14: 1 | D14: =+'01BARON_GALLERO_ACCESO_PRINCIPA'!D14 -> 3.01.04 | G14: =+'01BARON_GALLERO_ACCESO_PRINCIPA'!G14 -> LOCALIZACION Y REPLANTEO TOPOGRAFICO | H14: =+'01BARON_GALLERO_ACCESO_PRINCIPA'!H14 -> KM | I14: =+'01BARON_GALLERO_ACCESO_PRINCIPA'!I14+'02GERMANIA_VÍA_CASCAREJA'!I14+'03BARON_GALLERO_TOPO_VIA_LIBER'!I14+'04CHORRO_BLANCO_SECTOR_T.NUEVA'!I14 -> 0.4374166 | J14: =+'02GERMANIA_VÍA_CASCAREJA'!J14 -> 3708675.9 | K14: =J14*(1+$K$48) -> 4821278.7 | L14: =+I14*K14 -> 2108907.3
C15: 2 | D15: =+'01BARON_GALLERO_ACCESO_PRINCIPA'!D15 -> 3.02.07 | G15: =+'01BARON_GALLERO_ACCESO_PRINCIPA'!G15 -> EXCAVACIONES MECANICAS VARIAS EN MATERIAL COMUN SECO | H15: =+'01BARON_GALLERO_ACCESO_PRINCIPA'!H15 -> M3 | I15: =+'01BARON_GALLERO_ACCESO_PRINCIPA'!I15+'02GERMANIA_VÍA_CASCAREJA'!I15+'03BARON_GALLERO_TOPO_VIA_LIBER'!I15+'04CHORRO_BLANCO_SECTOR_T.NUEVA'!I15 -> 656.1249 | J15: =+'02GERMANIA_VÍA_CASCAREJA'!J15 -> 16429.53 | K15: =J15*(1+$K$48) -> 21358.389 | L15: =+I15*K15 -> 14013771
C16: 3 | D16: =+'01BARON_GALLERO_ACCESO_PRINCIPA'!D16 -> 3.04.03 | G16: =+'01BARON_GALLERO_ACCESO_PRINCIPA'!G16 -> CUNETEO, PERFILADO Y COMPACTACION DE LA BANCA EXISTENTE. (TRABAJO PREVIO A PAVIMENTACION) | H16: =+'01BARON_GALLERO_ACCESO_PRINCIPA'!H16 -> KM | I16: =+'01BARON_GALLERO_ACCESO_PRINCIPA'!I16+'02GERMANIA_VÍA_CASCAREJA'!I16+'03BARON_GALLERO_TOPO_VIA_LIBER'!I16+'04CHORRO_BLANCO_SECTOR_T.NUEVA'!I16 -> 0.4374166 | J16: =+'02GERMANIA_VÍA_CASCAREJA'!J16 -> 1249701 | K16: =J16*(1+$K$48) -> 1624611.3 | L16: =+I16*K16 -> 710631.95
C17: 4 | D17: =+'01BARON_GALLERO_ACCESO_PRINCIPA'!D17 -> 3.03.10 | G17: =+'01BARON_GALLERO_ACCESO_PRINCIPA'!G17 -> EXCAVACION MANUAL EN MATERIAL COMUN | H17: =+'01BARON_GALLERO_ACCESO_PRINCIPA'!H17 -> M3 | I17: =+'01BARON_GALLERO_ACCESO_PRINCIPA'!I17+'02GERMANIA_VÍA_CASCAREJA'!I17+'03BARON_GALLERO_TOPO_VIA_LIBER'!I17+'04CHORRO_BLANCO_SECTOR_T.NUEVA'!I17 -> 1099.8298 | J17: =+'02GERMANIA_VÍA_CASCAREJA'!J17 -> 64546.54 | K17: =J17*(1+$K$48) -> 83910.502 | L17: =+I17*K17 -> 92287269
C18: 5 | D18: =+'01BARON_GALLERO_ACCESO_PRINCIPA'!D18 -> 3.04.07 | G18: =+'01BARON_GALLERO_ACCESO_PRINCIPA'!G18 -> SUMINISTRO, EXTENDIDA Y COMPACTACION DE MATERIAL SELECCIONADO PARA SUBBASE GRANULAR (INCLUYE ACARREO LIBRE DE 5KM) (**) | H18: =+'01BARON_GALLERO_ACCESO_PRINCIPA'!H18 -> M3 | I18: =+'01BARON_GALLERO_ACCESO_PRINCIPA'!I18+'02GERMANIA_VÍA_CASCAREJA'!I18+'03BARON_GALLERO_TOPO_VIA_LIBER'!I18+'04CHORRO_BLANCO_SECTOR_T.NUEVA'!I18 -> 328.06245 | J18: =+'02GERMANIA_VÍA_CASCAREJA'!J18 -> 102476.51 | K18: =J18*(1+$K$48) -> 133219.46 | L18: =+I18*K18 -> 43704303
C19: 6 | D19: =+'01BARON_GALLERO_ACCESO_PRINCIPA'!D19 -> 3.05.11 | G19: =+'01BARON_GALLERO_ACCESO_PRINCIPA'!G19 -> CONCRETO PARA PAVIMENTO RIGIDO 21 MPa - (3000 PSI), INCLUYE SELLO DE JUNTAS PARA PLACA HUELLA | H19: =+'01BARON_GALLERO_ACCESO_PRINCIPA'!H19 -> M3 | I19: =+'01BARON_GALLERO_ACCESO_PRINCIPA'!I19+'02GERMANIA_VÍA_CASCAREJA'!I19+'03BARON_GALLERO_TOPO_VIA_LIBER'!I19+'04CHORRO_BLANCO_SECTOR_T.NUEVA'!I19 -> 320.04796 | J19: =+'02GERMANIA_VÍA_CASCAREJA'!J19 -> 786317.44 | K19: =J19*(1+$K$48) -> 1022212.7 | L19: =+I19*K19 -> 3.2715708e+08
C20: 7 | D20: =+'01BARON_GALLERO_ACCESO_PRINCIPA'!D20 -> 3.03.21 | G20: =+'01BARON_GALLERO_ACCESO_PRINCIPA'!G20 -> SUMINISTRO E INSTALACION DE CONCRETO CICLOPEO DE 21 MPA (3000 PSI) , 60% RAJON PARA PLACA HUELLAS INCLUYE SELLO DE JUNTAS | H20: =+'01BARON_GALLERO_ACCESO_PRINCIPA'!H20 -> M3 | I20: =+'01BARON_GALLERO_ACCESO_PRINCIPA'!I20+'02GERMANIA_VÍA_CASCAREJA'!I20+'03BARON_GALLERO_TOPO_VIA_LIBER'!I20+'04CHORRO_BLANCO_SECTOR_T.NUEVA'!I20 -> 118.10248 | J20: =+'02GERMANIA_VÍA_CASCAREJA'!J20 -> 542040.13 | K20: =J20*(1+$K$48) -> 704652.17 | L20: =+I20*K20 -> 83221170
C21: 8 | D21: =+'01BARON_GALLERO_ACCESO_PRINCIPA'!D21 -> 3.10.12 | G21: =+'01BARON_GALLERO_ACCESO_PRINCIPA'!G21 -> SUMINISTRO FIGURADO Y ARMADO DE ACERO DE REFUERZO 60000 PSI 420 MPA | H21: =+'01BARON_GALLERO_ACCESO_PRINCIPA'!H21 -> KG | I21: =+'01BARON_GALLERO_ACCESO_PRINCIPA'!I21+'02GERMANIA_VÍA_CASCAREJA'!I21+'03BARON_GALLERO_TOPO_VIA_LIBER'!I21+'04CHORRO_BLANCO_SECTOR_T.NUEVA'!I21 -> 16779.658 | J21: =+'02GERMANIA_VÍA_CASCAREJA'!J21 -> 7002.12 | K21: =J21*(1+$K$48) -> 9102.756 | L21: =+I21*K21 -> 1.5274113e+08
C22: 9 | D22: =+'01BARON_GALLERO_ACCESO_PRINCIPA'!D22 -> 3.12.03 | G22: =+'01BARON_GALLERO_ACCESO_PRINCIPA'!G22 -> TRANSPORTE DE MATERIAL DE AFIRMADO Y/O GRANULAR DESPUÉS DE 5 KM (INSTALADO Y COMPACTADO SEGÚN SECCIÓN DE DISEÑO). | H22: =+'01BARON_GALLERO_ACCESO_PRINCIPA'!H22 -> M3-KM | I22: =+'01BARON_GALLERO_ACCESO_PRINCIPA'!I22+'02GERMANIA_VÍA_CASCAREJA'!I22+'03BARON_GALLERO_TOPO_VIA_LIBER'!I22+'04CHORRO_BLANCO_SECTOR_T.NUEVA'!I22 -> 1640.3122 | J22: =+'02GERMANIA_VÍA_CASCAREJA'!J22 -> 2312.5 | K22: =J22*(1+$K$48) -> 3006.25 | L22: =+I22*K22 -> 4931188.7
C23: 10 | D23: =+'01BARON_GALLERO_ACCESO_PRINCIPA'!D23 -> 3.09.15 | G23: =+'01BARON_GALLERO_ACCESO_PRINCIPA'!G23 -> SUMINISTRO E INSTALACION SEÑAL VIAL PREVENTIVA, TAMAÑO 75*75 cm. SEGUN NORMA INVIAS | H23: =+'01BARON_GALLERO_ACCESO_PRINCIPA'!H23 -> UND. | I23: =+'01BARON_GALLERO_ACCESO_PRINCIPA'!I23+'02GERMANIA_VÍA_CASCAREJA'!I23+'03BARON_GALLERO_TOPO_VIA_LIBER'!I23+'04CHORRO_BLANCO_SECTOR_T.NUEVA'!I23 -> 8 | J23: =+'02GERMANIA_VÍA_CASCAREJA'!J23 -> 430879.73 | K23: =J23*(1+$K$48) -> 560143.65 | L23: =+I23*K23 -> 4481149.2
C24: 11 | D24: =+'01BARON_GALLERO_ACCESO_PRINCIPA'!D24 -> 3.09.16 | G24: =+'01BARON_GALLERO_ACCESO_PRINCIPA'!G24 -> SUMINISTRO E INSTALACION SEÑAL VIAL REGLAMENTARIA, DIAMETRO 75 cm. SEGÚN NORMA INVIAS | H24: =+'01BARON_GALLERO_ACCESO_PRINCIPA'!H24 -> UND. | I24: =+'01BARON_GALLERO_ACCESO_PRINCIPA'!I24+'02GERMANIA_VÍA_CASCAREJA'!I24+'03BARON_GALLERO_TOPO_VIA_LIBER'!I24+'04CHORRO_BLANCO_SECTOR_T.NUEVA'!I24 -> 8 | J24: =+'02GERMANIA_VÍA_CASCAREJA'!J24 -> 593433.73 | K24: =J24*(1+$K$48) -> 771463.85 | L24: =+I24*K24 -> 6171710.8
C25: 12 | D25: =+'01BARON_GALLERO_ACCESO_PRINCIPA'!D25 -> 3.03.22 | G25: =+'01BARON_GALLERO_ACCESO_PRINCIPA'!G25 -> SUMINISTRO E INSTALACION DE CONCRETO DE 14 MPA (2000 PSI) SOLADOS Y ATRAQUES | H25: =+'01BARON_GALLERO_ACCESO_PRINCIPA'!H25 -> M3 | I25: =+'01BARON_GALLERO_ACCESO_PRINCIPA'!I25+'02GERMANIA_VÍA_CASCAREJA'!I25+'03BARON_GALLERO_TOPO_VIA_LIBER'!I25+'04CHORRO_BLANCO_SECTOR_T.NUEVA'!I25 -> 4.71 | J25: =+'02GERMANIA_VÍA_CASCAREJA'!J25 -> 516357.47 | K25: =J25*(1+$K$48) -> 671264.71 | L25: =+I25*K25 -> 3161656.8
... C27: 14 | D27: =+'01BARON_GALLERO_ACCESO_PRINCIPA'!D27 -> 1.01.06 | G27: =+'01BARON_GALLERO_ACCESO_PRINCIPA'!G27 -> CONFORMACIÓN COMPACTACIÓN SUBRASANTE CBR=95% | H27: =+'01BARON_GALLERO_ACCESO_PRINCIPA'!H27 -> M2 | I27: =+'01BARON_GALLERO_ACCESO_PRINCIPA'!I27+'02GERMANIA_VÍA_CASCAREJA'!I27+'03BARON_GALLERO_TOPO_VIA_LIBER'!I27+'04CHORRO_BLANCO_SECTOR_T.NUEVA'!I27 -> 2187.083 | J27: =+'02GERMANIA_VÍA_CASCAREJA'!J27 -> 1249.47 | K27: =J27*(1+$K$48) -> 1624.311 | L27: =+I27*K27 -> 3552503
C28: SUBTOTAL OBRAS (A) | L28: =+SUM(L14:L27) -> 7.6676104e+08
C29: ESTUDIOS Y DISEÑOS
C30: 16 | D30: =+'01BARON_GALLERO_ACCESO_PRINCIPA'!D29 -> CONTRATO 1022- MALLA VIAL | G30: =+'01BARON_GALLERO_ACCESO_PRINCIPA'!G29 -> ESTUDIOS Y DSEÑOS DE LA VÍA | H30: =+'01BARON_GALLERO_ACCESO_PRINCIPA'!H29 -> ML | I30: ='01BARON_GALLERO_ACCESO_PRINCIPA'!I29+'02GERMANIA_VÍA_CASCAREJA'!I29+'03BARON_GALLERO_TOPO_VIA_LIBER'!I29+'04CHORRO_BLANCO_SECTOR_T.NUEVA'!I29 -> 437.4166 | J30: =+'01BARON_GALLERO_ACCESO_PRINCIPA'!J29 -> 36134.45 | K30: =J30*(1+$K$48) -> 46974.785 | L30: =+I30*K30 -> 20547551
C31: SUBTOTAL ESTUDIOS Y DISEÑO (B) | L31: =+L30 -> 20547551
F34: SUB-TOTAL BÁSICO DE OBRA (A) | K34: =+L28 -> 7.6676104e+08
F35: PLAN DE MANEJO AMBIENTAL = (C) (este ítem no puede ser modificado por el oferente) | K35: =+K34*0.01 -> 7667610.4
F36: PLAN DE MANEJO DE TRAFICO = (D) (este ítem no puede ser modificado por el oferente) | K36: =+K34*0.01 -> 7667610.4
F37: VALOR BASICO OBRA (F) + (G) + (H) = (I) | K37: =+K34+K35+K36 -> 7.8209626e+08
F38: VALOR (ESTUDIOS Y DISEÑOS) = (B) (este ítem no puede ser modificado por el oferente) | K38: =+L31 -> 20547551
F39: SUB TOTAL ESTUDIOS Y DISEÑOS = (E + F ) = (G) | K39: =+K38 -> 20547551
F40: IVA = (G x 19%) = H | K40: =+K39*0.19 -> 3904034.6
F41: VALOR TOTAL (D + G + H) Redondeado al peso | K41: =(K39+K37+K40) -> 8.0654785e+08
C44: NOTA 1: Se debe tener en cuenta que el PRECIO UNITARIO incluye el valor de A.I.U. | H44: DESCRIPCION | K44: PORCENTAJE
C45: NOTA 2: Cuando la fracción decimal del peso sea igual o superior a 5 se aproximará por exceso al número entero siguiente del peso y cuando la fracción decimal del peso sea inferior a 5 se aproximará por defecto al número entero del peso. | H45: ADMINISTRACIÓN | J45: A= | K45: 0.22
C46: NOTA 3: El A.I.U y su discriminación deben estar en porcentaje (%). | H46: IMPREVISTO | J46: I= | K46: 0.03
H47: UTILIDAD | J47: U= | K47: 0.05
H48: TOTAL A.I.U | J48: A.I.U.= | K48: 0.3

Sheet PRES_TOTAL
C3: Formulario 1 - Propuesta económica - Documento tipo de licitación de obra pública de infraestructura de transporte - versión 3
C4: Código | D4: CCE-EICP-FM-14 | E4: Versión | F4: 3
C5: FORMULARIO 1
C6: PRESUPUESTO OFICIAL
C7: [La entidad puede utilizar este formulario de detalle del presupuesto oficial para determinar las condiciones bajo las cuales los proponentes analizarán y presentarán su propuesta económica de forma detallada, sin perjuicio que la entidad pueda modificarlo o establecer la presentación de la oferta económica con un formulario distinto al indicado.]
C9: Adicionalmente, cuando el proceso de contratación es estructurado por precios unitarios, la Entidad debe aplicar las notas 1, 2 y 3 del presente formulario y las casillas de "Descripción", "Porcentaje" de la Administración, Imprevisto, Utilidad y total A.I.U. resaltadas en color amarillo. Tratándose de otras modalidades de precio, la Entidad puede o no configurar los mismos aspectos.
C11: Nº | D11: ÍTEM DE PAGO | E11: ESPECIFICACIONES | G11: DESCRIPCIÓN | H11: UND. | I11: CANTIDAD | J11: VALOR UNITARIO (SIN AIU) | K11: VALOR UNITARIO | L11: VALOR TOTAL
E12: GENERAL | F12: PARTICULAR
C13: CONSTRCCIÓN PLACA HUELLA
C14: 1 | D14: =+'01BARON_GALLERO_ACCESO_PRINCIPA'!D14 -> 3.01.04 | G14: =+'01BARON_GALLERO_ACCESO_PRINCIPA'!G14 -> LOCALIZACION Y REPLANTEO TOPOGRAFICO | H14: =+'01BARON_GALLERO_ACCESO_PRINCIPA'!H14 -> KM | I14: =+'01BARON_GALLERO_ACCESO_PRINCIPA'!I14+'02GERMANIA_VÍA_CASCAREJA'!I14+'03BARON_GALLERO_TOPO_VIA_LIBER'!I14+'04CHORRO_BLANCO_SECTOR_T.NUEVA'!I14 -> 0.4374166 | J14: =+'02GERMANIA_VÍA_CASCAREJA'!J14 -> 3708675.9 | K14: =J14*(1+$K$48) -> 4821278.7 | L14: =+I14*K14 -> 2108907.3
C15: 2 | D15: =+'01BARON_GALLERO_ACCESO_PRINCIPA'!D15 -> 3.02.07 | G15: =+'01BARON_GALLERO_ACCESO_PRINCIPA'!G15 -> EXCAVACIONES MECANICAS VARIAS EN MATERIAL COMUN SECO | H15: =+'01BARON_GALLERO_ACCESO_PRINCIPA'!H15 -> M3 | I15: =+'01BARON_GALLERO_ACCESO_PRINCIPA'!I15+'02GERMANIA_VÍA_CASCAREJA'!I15+'03BARON_GALLERO_TOPO_VIA_LIBER'!I15+'04CHORRO_BLANCO_SECTOR_T.NUEVA'!I15 -> 656.1249 | J15: =+'02GERMANIA_VÍA_CASCAREJA'!J15 -> 16429.53 | K15: =J15*(1+$K$48) -> 21358.389 | L15: =+I15*K15 -> 14013771
C16: 3 | D16: =+'01BARON_GALLERO_ACCESO_PRINCIPA'!D16 -> 3.04.03 | G16: =+'01BARON_GALLERO_ACCESO_PRINCIPA'!G16 -> CUNETEO, PERFILADO Y COMPACTACION DE LA BANCA EXISTENTE. (TRABAJO PREVIO A PAVIMENTACION) | H16: =+'01BARON_GALLERO_ACCESO_PRINCIPA'!H16 -> KM | I16: =+'01BARON_GALLERO_ACCESO_PRINCIPA'!I16+'02GERMANIA_VÍA_CASCAREJA'!I16+'03BARON_GALLERO_TOPO_VIA_LIBER'!I16+'04CHORRO_BLANCO_SECTOR_T.NUEVA'!I16 -> 0.4374166 | J16: =+'02GERMANIA_VÍA_CASCAREJA'!J16 -> 1249701 | K16: =J16*(1+$K$48) -> 1624611.3 | L16: =+I16*K16 -> 710631.95
C17: 4 | D17: =+'01BARON_GALLERO_ACCESO_PRINCIPA'!D17 -> 3.03.10 | G17: =+'01BARON_GALLERO_ACCESO_PRINCIPA'!G17 -> EXCAVACION MANUAL EN MATERIAL COMUN | H17: =+'01BARON_GALLERO_ACCESO_PRINCIPA'!H17 -> M3 | I17: =+'01BARON_GALLERO_ACCESO_PRINCIPA'!I17+'02GERMANIA_VÍA_CASCAREJA'!I17+'03BARON_GALLERO_TOPO_VIA_LIBER'!I17+'04CHORRO_BLANCO_SECTOR_T.NUEVA'!I17 -> 1099.8298 | J17: =+'02GERMANIA_VÍA_CASCAREJA'!J17 -> 64546.54 | K17: =J17*(1+$K$48) -> 83910.502 | L17: =+I17*K17 -> 92287269
C18: 5 | D18: =+'01BARON_GALLERO_ACCESO_PRINCIPA'!D18 -> 3.04.07 | G18: =+'01BARON_GALLERO_ACCESO_PRINCIPA'!G18 -> SUMINISTRO, EXTENDIDA Y COMPACTACION DE MATERIAL SELECCIONADO PARA SUBBASE GRANULAR (INCLUYE ACARREO LIBRE DE 5KM) (**) | H18: =+'01BARON_GALLERO_ACCESO_PRINCIPA'!H18 -> M3 | I18: =+'01BARON_GALLERO_ACCESO_PRINCIPA'!I18+'02GERMANIA_VÍA_CASCAREJA'!I18+'03BARON_GALLERO_TOPO_VIA_LIBER'!I18+'04CHORRO_BLANCO_SECTOR_T.NUEVA'!I18 -> 328.06245 | J18: =+'02GERMANIA_VÍA_CASCAREJA'!J18 -> 102476.51 | K18: =J18*(1+$K$48) -> 133219.46 | L18: =+I18*K18 -> 43704303
C19: 6 | D19: =+'01BARON_GALLERO_ACCESO_PRINCIPA'!D19 -> 3.05.11 | G19: =+'01BARON_GALLERO_ACCESO_PRINCIPA'!G19 -> CONCRETO PARA PAVIMENTO RIGIDO 21 MPa - (3000 PSI), INCLUYE SELLO DE JUNTAS PARA PLACA HUELLA | H19: =+'01BARON_GALLERO_ACCESO_PRINCIPA'!H19 -> M3 | I19: =+'01BARON_GALLERO_ACCESO_PRINCIPA'!I19+'02GERMANIA_VÍA_CASCAREJA'!I19+'03BARON_GALLERO_TOPO_VIA_LIBER'!I19+'04CHORRO_BLANCO_SECTOR_T.NUEVA'!I19 -> 320.04796 | J19: =+'02GERMANIA_VÍA_CASCAREJA'!J19 -> 786317.44 | K19: =J19*(1+$K$48) -> 1022212.7 | L19: =+I19*K19 -> 3.2715708e+08
C20: 7 | D20: =+'01BARON_GALLERO_ACCESO_PRINCIPA'!D20 -> 3.03.21 | G20: =+'01BARON_GALLERO_ACCESO_PRINCIPA'!G20 -> SUMINISTRO E INSTALACION DE CONCRETO CICLOPEO DE 21 MPA (3000 PSI) , 60% RAJON PARA PLACA HUELLAS INCLUYE SELLO DE JUNTAS | H20: =+'01BARON_GALLERO_ACCESO_PRINCIPA'!H20 -> M3 | I20: =+'01BARON_GALLERO_ACCESO_PRINCIPA'!I20+'02GERMANIA_VÍA_CASCAREJA'!I20+'03BARON_GALLERO_TOPO_VIA_LIBER'!I20+'04CHORRO_BLANCO_SECTOR_T.NUEVA'!I20 -> 118.10248 | J20: =+'02GERMANIA_VÍA_CASCAREJA'!J20 -> 542040.13 | K20: =J20*(1+$K$48) -> 704652.17 | L20: =+I20*K20 -> 83221170
C21: 8 | D21: =+'01BARON_GALLERO_ACCESO_PRINCIPA'!D21 -> 3.10.12 | G21: =+'01BARON_GALLERO_ACCESO_PRINCIPA'!G21 -> SUMINISTRO FIGURADO Y ARMADO DE ACERO DE REFUERZO 60000 PSI 420 MPA | H21: =+'01BARON_GALLERO_ACCESO_PRINCIPA'!H21 -> KG | I21: =+'01BARON_GALLERO_ACCESO_PRINCIPA'!I21+'02GERMANIA_VÍA_CASCAREJA'!I21+'03BARON_GALLERO_TOPO_VIA_LIBER'!I21+'04CHORRO_BLANCO_SECTOR_T.NUEVA'!I21 -> 16779.658 | J21: =+'02GERMANIA_VÍA_CASCAREJA'!J21 -> 7002.12 | K21: =J21*(1+$K$48) -> 9102.756 | L21: =+I21*K21 -> 1.5274113e+08
C22: 9 | D22: =+'01BARON_GALLERO_ACCESO_PRINCIPA'!D22 -> 3.12.03 | G22: =+'01BARON_GALLERO_ACCESO_PRINCIPA'!G22 -> TRANSPORTE DE MATERIAL DE AFIRMADO Y/O GRANULAR DESPUÉS DE 5 KM (INSTALADO Y COMPACTADO SEGÚN SECCIÓN DE DISEÑO). | H22: =+'01BARON_GALLERO_ACCESO_PRINCIPA'!H22 -> M3-KM | I22: =+'01BARON_GALLERO_ACCESO_PRINCIPA'!I22+'02GERMANIA_VÍA_CASCAREJA'!I22+'03BARON_GALLERO_TOPO_VIA_LIBER'!I22+'04CHORRO_BLANCO_SECTOR_T.NUEVA'!I22 -> 1640.3122 | J22: =+'02GERMANIA_VÍA_CASCAREJA'!J22 -> 2312.5 | K22: =J22*(1+$K$48) -> 3006.25 | L22: =+I22*K22 -> 4931188.7
C23: 10 | D23: =+'01BARON_GALLERO_ACCESO_PRINCIPA'!D23 -> 3.09.15 | G23: =+'01BARON_GALLERO_ACCESO_PRINCIPA'!G23 -> SUMINISTRO E INSTALACION SEÑAL VIAL PREVENTIVA, TAMAÑO 75*75 cm. SEGUN NORMA INVIAS | H23: =+'01BARON_GALLERO_ACCESO_PRINCIPA'!H23 -> UND. | I23: =+'01BARON_GALLERO_ACCESO_PRINCIPA'!I23+'02GERMANIA_VÍA_CASCAREJA'!I23+'03BARON_GALLERO_TOPO_VIA_LIBER'!I23+'04CHORRO_BLANCO_SECTOR_T.NUEVA'!I23 -> 8 | J23: =+'02GERMANIA_VÍA_CASCAREJA'!J23 -> 430879.73 | K23: =J23*(1+$K$48) -> 560143.65 | L23: =+I23*K23 -> 4481149.2
C24: 11 | D24: =+'01BARON_GALLERO_ACCESO_PRINCIPA'!D24 -> 3.09.16 | G24: =+'01BARON_GALLERO_ACCESO_PRINCIPA'!G24 -> SUMINISTRO E INSTALACION SEÑAL VIAL REGLAMENTARIA, DIAMETRO 75 cm. SEGÚN NORMA INVIAS | H24: =+'01BARON_GALLERO_ACCESO_PRINCIPA'!H24 -> UND. | I24: =+'01BARON_GALLERO_ACCESO_PRINCIPA'!I24+'02GERMANIA_VÍA_CASCAREJA'!I24+'03BARON_GALLERO_TOPO_VIA_LIBER'!I24+'04CHORRO_BLANCO_SECTOR_T.NUEVA'!I24 -> 8 | J24: =+'02GERMANIA_VÍA_CASCAREJA'!J24 -> 593433.73 | K24: =J24*(1+$K$48) -> 771463.85 | L24: =+I24*K24 -> 6171710.8
C25: 12 | D25: =+'01BARON_GALLERO_ACCESO_PRINCIPA'!D25 -> 3.03.22 | G25: =+'01BARON_GALLERO_ACCESO_PRINCIPA'!G25 -> SUMINISTRO E INSTALACION DE CONCRETO DE 14 MPA (2000 PSI) SOLADOS Y ATRAQUES | H25: =+'01BARON_GALLERO_ACCESO_PRINCIPA'!H25 -> M3 | I25: =+'01BARON_GALLERO_ACCESO_PRINCIPA'!I25+'02GERMANIA_VÍA_CASCAREJA'!I25+'03BARON_GALLERO_TOPO_VIA_LIBER'!I25+'04CHORRO_BLANCO_SECTOR_T.NUEVA'!I25 -> 4.71 | J25: =+'02GERMANIA_VÍA_CASCAREJA'!J25 -> 516357.47 | K25: =J25*(1+$K$48) -> 671264.71 | L25: =+I25*K25 -> 3161656.8
... C27: 14 | D27: =+'01BARON_GALLERO_ACCESO_PRINCIPA'!D27 -> 1.01.06 | G27: =+'01BARON_GALLERO_ACCESO_PRINCIPA'!G27 -> CONFORMACIÓN COMPACTACIÓN SUBRASANTE CBR=95% | H27: =+'01BARON_GALLERO_ACCESO_PRINCIPA'!H27 -> M2 | I27: =+'01BARON_GALLERO_ACCESO_PRINCIPA'!I27+'02GERMANIA_VÍA_CASCAREJA'!I27+'03BARON_GALLERO_TOPO_VIA_LIBER'!I27+'04CHORRO_BLANCO_SECTOR_T.NUEVA'!I27 -> 2187.083 | J27: =+'02GERMANIA_VÍA_CASCAREJA'!J27 -> 1249.47 | K27: =J27*(1+$K$48) -> 1624.311 | L27: =+I27*K27 -> 3552503
C28: SUBTOTAL OBRAS (A) | L28: =+SUM(L14:L27) -> 7.6676104e+08
C29: ESTUDIOS Y DISEÑOS
C30: 16 | D30: =+'01BARON_GALLERO_ACCESO_PRINCIPA'!D29 -> CONTRATO 1022- MALLA VIAL | G30: =+'01BARON_GALLERO_ACCESO_PRINCIPA'!G29 -> ESTUDIOS Y DSEÑOS DE LA VÍA | H30: =+'01BARON_GALLERO_ACCESO_PRINCIPA'!H29 -> ML | I30: ='01BARON_GALLERO_ACCESO_PRINCIPA'!I29+'02GERMANIA_VÍA_CASCAREJA'!I29+'03BARON_GALLERO_TOPO_VIA_LIBER'!I29+'04CHORRO_BLANCO_SECTOR_T.NUEVA'!I29 -> 437.4166 | J30: =+'01BARON_GALLERO_ACCESO_PRINCIPA'!J29 -> 36134.45 | K30: =J30*(1+$K$48) -> 46974.785 | L30: =+I30*K30 -> 20547551
C31: SUBTOTAL ESTUDIOS Y DISEÑO (B) | L31: =+L30 -> 20547551
F34: SUB-TOTAL BÁSICO DE OBRA (A) | K34: =+L28 -> 7.6676104e+08
F35: PLAN DE MANEJO AMBIENTAL = (G) (este ítem no puede ser modificado por el oferente) | K35: =+K34*0.01 -> 7667610.4
F36: PLAN DE MANEJO DE TRAFICO = (H) (este ítem no puede ser modificado por el oferente) | K36: =+K34*0.01 -> 7667610.4
F37: VALOR BASICO OBRA (F) + (G) + (H) = (I) | K37: =+K34+K35+K36 -> 7.8209626e+08
F38: VALOR (ESTUDIOS Y DISEÑOS) = (B) (este ítem no puede ser modificado por el oferente) | K38: =+L31 -> 20547551
F39: SUB TOTAL ESTUDIOS Y DISEÑOS = (E + F ) = (G) | K39: =+K38 -> 20547551
F40: IVA = (G x 19%) = H | K40: =+K39*0.19 -> 3904034.6
F41: VALOR TOTAL (D + G + H) Redondeado al peso | K41: =(K39+K37+K40) -> 8.0654785e+08
C44: NOTA 1: Se debe tener en cuenta que el PRECIO UNITARIO incluye el valor de A.I.U. | H44: DESCRIPCION | K44: PORCENTAJE
C45: NOTA 2: Cuando la fracción decimal del peso sea igual o superior a 5 se aproximará por exceso al número entero siguiente del peso y cuando la fracción decimal del peso sea inferior a 5 se aproximará por defecto al número entero del peso. | H45: ADMINISTRACIÓN | J45: A= | K45: 0.22
C46: NOTA 3: El A.I.U y su discriminación deben estar en porcentaje (%). | H46: IMPREVISTO | J46: I= | K46: 0.03
H47: UTILIDAD | J47: U= | K47: 0.05
H48: TOTAL A.I.U | J48: A.I.U.= | K48: 0.3

Sheet WORD
C3: Formulario 1 - Propuesta económica - Documento tipo de licitación de obra pública de infraestructura de transporte - versión 3
C4: Código | D4: CCE-EICP-FM-14 | E4: Versión | F4: 3
C5: FORMULARIO 1
C6: PRESUPUESTO OFICIAL
C7: [La entidad puede utilizar este formulario de detalle del presupuesto oficial para determinar las condiciones bajo las cuales los proponentes analizarán y presentarán su propuesta económica de forma detallada, sin perjuicio que la entidad pueda modificarlo o establecer la presentación de la oferta económica con un formulario distinto al indicado.]
C9: Adicionalmente, cuando el proceso de contratación es estructurado por precios unitarios, la Entidad debe aplicar las notas 1, 2 y 3 del presente formulario y las casillas de "Descripción", "Porcentaje" de la Administración, Imprevisto, Utilidad y total A.I.U. resaltadas en color amarillo. Tratándose de otras modalidades de precio, la Entidad puede o no configurar los mismos aspectos.
C11: Nº | D11: ÍTEM DE PAGO | E11: ESPECIFICACIONES | G11: DESCRIPCIÓN | H11: UND. | I11: CANTIDAD | J11: VALOR UNITARIO (SIN AIU) | K11: VALOR UNITARIO | L11: VALOR TOTAL
E12: GENERAL | F12: PARTICULAR
C13: VEREDA BARON GALLERO ACCESO PRINCIPAL CON SALIDA A BOGOTA
C14: 1 | D14: =+'01BARON_GALLERO_ACCESO_PRINCIPA'!D14 -> 3.01.04 | G14: =+'01BARON_GALLERO_ACCESO_PRINCIPA'!G14 -> LOCALIZACION Y REPLANTEO TOPOGRAFICO | H14: =+'01BARON_GALLERO_ACCESO_PRINCIPA'!H14 -> KM | I14: =+'01BARON_GALLERO_ACCESO_PRINCIPA'!I14 -> 0.1 | J14: =+'01BARON_GALLERO_ACCESO_PRINCIPA'!J14 -> 3708675.9 | K14: =+'01BARON_GALLERO_ACCESO_PRINCIPA'!K14 -> 4821278.7 | L14: =+'01BARON_GALLERO_ACCESO_PRINCIPA'!L14 -> 482127.87
C15: 2 | D15: =+'01BARON_GALLERO_ACCESO_PRINCIPA'!D15 -> 3.02.07 | G15: =+'01BARON_GALLERO_ACCESO_PRINCIPA'!G15 -> EXCAVACIONES MECANICAS VARIAS EN MATERIAL COMUN SECO | H15: =+'01BARON_GALLERO_ACCESO_PRINCIPA'!H15 -> M3 | I15: =+'01BARON_GALLERO_ACCESO_PRINCIPA'!I15 -> 150 | J15: =+'01BARON_GALLERO_ACCESO_PRINCIPA'!J15 -> 16429.53 | K15: =+'01BARON_GALLERO_ACCESO_PRINCIPA'!K15 -> 21358.389 | L15: =+'01BARON_GALLERO_ACCESO_PRINCIPA'!L15 -> 3203758.4
C16: 3 | D16: =+'01BARON_GALLERO_ACCESO_PRINCIPA'!D16 -> 3.04.03 | G16: =+'01BARON_GALLERO_ACCESO_PRINCIPA'!G16 -> CUNETEO, PERFILADO Y COMPACTACION DE LA BANCA EXISTENTE. (TRABAJO PREVIO A PAVIMENTACION) | H16: =+'01BARON_GALLERO_ACCESO_PRINCIPA'!H16 -> KM | I16: =+'01BARON_GALLERO_ACCESO_PRINCIPA'!I16 -> 0.1 | J16: =+'01BARON_GALLERO_ACCESO_PRINCIPA'!J16 -> 1249701 | K16: =+'01BARON_GALLERO_ACCESO_PRINCIPA'!K16 -> 1624611.3 | L16: =+'01BARON_GALLERO_ACCESO_PRINCIPA'!L16 -> 162461.13
C17: 4 | D17: =+'01BARON_GALLERO_ACCESO_PRINCIPA'!D17 -> 3.03.10 | G17: =+'01BARON_GALLERO_ACCESO_PRINCIPA'!G17 -> EXCAVACION MANUAL EN MATERIAL COMUN | H17: =+'01BARON_GALLERO_ACCESO_PRINCIPA'!H17 -> M3 | I17: =+'01BARON_GALLERO_ACCESO_PRINCIPA'!I17 -> 222 | J17: =+'01BARON_GALLERO_ACCESO_PRINCIPA'!J17 -> 64546.54 | K17: =+'01BARON_GALLERO_ACCESO_PRINCIPA'!K17 -> 83910.502 | L17: =+'01BARON_GALLERO_ACCESO_PRINCIPA'!L17 -> 18628131
C18: 5 | D18: =+'01BARON_GALLERO_ACCESO_PRINCIPA'!D18 -> 3.04.07 | G18: =+'01BARON_GALLERO_ACCESO_PRINCIPA'!G18 -> SUMINISTRO, EXTENDIDA Y COMPACTACION DE MATERIAL SELECCIONADO PARA SUBBASE GRANULAR (INCLUYE ACARREO LIBRE DE 5KM) (**) | H18: =+'01BARON_GALLERO_ACCESO_PRINCIPA'!H18 -> M3 | I18: =+'01BARON_GALLERO_ACCESO_PRINCIPA'!I18 -> 75 | J18: =+'01BARON_GALLERO_ACCESO_PRINCIPA'!J18 -> 102476.51 | K18: =+'01BARON_GALLERO_ACCESO_PRINCIPA'!K18 -> 133219.46 | L18: =+'01BARON_GALLERO_ACCESO_PRINCIPA'!L18 -> 9991459.7
C19: 6 | D19: =+'01BARON_GALLERO_ACCESO_PRINCIPA'!D19 -> 3.05.11 | G19: =+'01BARON_GALLERO_ACCESO_PRINCIPA'!G19 -> CONCRETO PARA PAVIMENTO RIGIDO 21 MPa - (3000 PSI), INCLUYE SELLO DE JUNTAS PARA PLACA HUELLA | H19: =+'01BARON_GALLERO_ACCESO_PRINCIPA'!H19 -> M3 | I19: =+'01BARON_GALLERO_ACCESO_PRINCIPA'!I19 -> 73.2 | J19: =+'01BARON_GALLERO_ACCESO_PRINCIPA'!J19 -> 786317.44 | K19: =+'01BARON_GALLERO_ACCESO_PRINCIPA'!K19 -> 1022212.7 | L19: =+'01BARON_GALLERO_ACCESO_PRINCIPA'!L19 -> 74825968
C20: 7 | D20: =+'01BARON_GALLERO_ACCESO_PRINCIPA'!D20 -> 3.03.21 | G20: =+'01BARON_GALLERO_ACCESO_PRINCIPA'!G20 -> SUMINISTRO E INSTALACION DE CONCRETO CICLOPEO DE 21 MPA (3000 PSI) , 60% RAJON PARA PLACA HUELLAS INCLUYE SELLO DE JUNTAS | H20: =+'01BARON_GALLERO_ACCESO_PRINCIPA'!H20 -> M3 | I20: =+'01BARON_GALLERO_ACCESO_PRINCIPA'!I20 -> 27 | J20: =+'01BARON_GALLERO_ACCESO_PRINCIPA'!J20 -> 542040.13 | K20: =+'01BARON_GALLERO_ACCESO_PRINCIPA'!K20 -> 704652.17 | L20: =+'01BARON_GALLERO_ACCESO_PRINCIPA'!L20 -> 19025609
C21: 8 | D21: =+'01BARON_GALLERO_ACCESO_PRINCIPA'!D21 -> 3.10.12 | G21: =+'01BARON_GALLERO_ACCESO_PRINCIPA'!G21 -> SUMINISTRO FIGURADO Y ARMADO DE ACERO DE REFUERZO 60000 PSI 420 MPA | H21: =+'01BARON_GALLERO_ACCESO_PRINCIPA'!H21 -> KG | I21: =+'01BARON_GALLERO_ACCESO_PRINCIPA'!I21 -> 3834.416 | J21: =+'01BARON_GALLERO_ACCESO_PRINCIPA'!J21 -> 7002.12 | K21: =+'01BARON_GALLERO_ACCESO_PRINCIPA'!K21 -> 9102.756 | L21: =+'01BARON_GALLERO_ACCESO_PRINCIPA'!L21 -> 34903753
C22: 9 | D22: =+'01BARON_GALLERO_ACCESO_PRINCIPA'!D22 -> 3.12.03 | G22: =+'01BARON_GALLERO_ACCESO_PRINCIPA'!G22 -> TRANSPORTE DE MATERIAL DE AFIRMADO Y/O GRANULAR DESPUÉS DE 5 KM (INSTALADO Y COMPACTADO SEGÚN SECCIÓN DE DISEÑO). | H22: =+'01BARON_GALLERO_ACCESO_PRINCIPA'!H22 -> M3-KM | I22: =+'01BARON_GALLERO_ACCESO_PRINCIPA'!I22 -> 375 | J22: =+'01BARON_GALLERO_ACCESO_PRINCIPA'!J22 -> 2312.5 | K22: =+'01BARON_GALLERO_ACCESO_PRINCIPA'!K22 -> 3006.25 | L22: =+'01BARON_GALLERO_ACCESO_PRINCIPA'!L22 -> 1127343.8
C23: 10 | D23: =+'01BARON_GALLERO_ACCESO_PRINCIPA'!D23 -> 3.09.15 | G23: =+'01BARON_GALLERO_ACCESO_PRINCIPA'!G23 -> SUMINISTRO E INSTALACION SEÑAL VIAL PREVENTIVA, TAMAÑO 75*75 cm. SEGUN NORMA INVIAS | H23: =+'01BARON_GALLERO_ACCESO_PRINCIPA'!H23 -> UND. | I23: =+'01BARON_GALLERO_ACCESO_PRINCIPA'!I23 -> 2 | J23: =+'01BARON_GALLERO_ACCESO_PRINCIPA'!J23 -> 430879.73 | K23: =+'01BARON_GALLERO_ACCESO_PRINCIPA'!K23 -> 560143.65 | L23: =+'01BARON_GALLERO_ACCESO_PRINCIPA'!L23 -> 1120287.3
C24: 11 | D24: =+'01BARON_GALLERO_ACCESO_PRINCIPA'!D24 -> 3.09.16 | G24: =+'01BARON_GALLERO_ACCESO_PRINCIPA'!G24 -> SUMINISTRO E INSTALACION SEÑAL VIAL REGLAMENTARIA, DIAMETRO 75 cm. SEGÚN NORMA INVIAS | H24: =+'01BARON_GALLERO_ACCESO_PRINCIPA'!H24 -> UND. | I24: =+'01BARON_GALLERO_ACCESO_PRINCIPA'!I24 -> 2 | J24: =+'01BARON_GALLERO_ACCESO_PRINCIPA'!J24 -> 593433.73 | K24: =+'01BARON_GALLERO_ACCESO_PRINCIPA'!K24 -> 771463.85 | L24: =+'01BARON_GALLERO_ACCESO_PRINCIPA'!L24 -> 1542927.7
C25: 12 | D25: =+'01BARON_GALLERO_ACCESO_PRINCIPA'!D25 -> 3.03.22 | G25: =+'01BARON_GALLERO_ACCESO_PRINCIPA'!G25 -> SUMINISTRO E INSTALACION DE CONCRETO DE 14 MPA (2000 PSI) SOLADOS Y ATRAQUES | H25: =+'01BARON_GALLERO_ACCESO_PRINCIPA'!H25 -> M3 | I25: =+'01BARON_GALLERO_ACCESO_PRINCIPA'!I25 -> 1.08 | J25: =+'01BARON_GALLERO_ACCESO_PRINCIPA'!J25 -> 516357.47 | K25: =+'01BARON_GALLERO_ACCESO_PRINCIPA'!K25 -> 671264.71 | L25: =+'01BARON_GALLERO_ACCESO_PRINCIPA'!L25 -> 724965.89
... C27: 14 | D27: =+'01BARON_GALLERO_ACCESO_PRINCIPA'!D27 -> 1.01.06 | G27: =+'01BARON_GALLERO_ACCESO_PRINCIPA'!G27 -> CONFORMACIÓN COMPACTACIÓN SUBRASANTE CBR=95% | H27: =+'01BARON_GALLERO_ACCESO_PRINCIPA'!H27 -> M2 | I27: =+'01BARON_GALLERO_ACCESO_PRINCIPA'!I27 -> 500 | J27: =+'01BARON_GALLERO_ACCESO_PRINCIPA'!J27 -> 1249.47 | K27: =+'01BARON_GALLERO_ACCESO_PRINCIPA'!K27 -> 1624.311 | L27: =+'01BARON_GALLERO_ACCESO_PRINCIPA'!L27 -> 812155.5
C28: SUBTOTAL OBRAS (A) | L28: =+'01BARON_GALLERO_ACCESO_PRINCIPA'!L28 -> 1.7307072e+08
C29: 15 | D29: =+'01BARON_GALLERO_ACCESO_PRINCIPA'!D29 -> CONTRATO 1022- MALLA VIAL | G29: =+'01BARON_GALLERO_ACCESO_PRINCIPA'!G29 -> ESTUDIOS Y DSEÑOS DE LA VÍA | H29: =+'01BARON_GALLERO_ACCESO_PRINCIPA'!H29 -> ML | I29: =+'01BARON_GALLERO_ACCESO_PRINCIPA'!I29 -> 100 | J29: =+'01BARON_GALLERO_ACCESO_PRINCIPA'!J29 -> 36134.45 | K29: =+'01BARON_GALLERO_ACCESO_PRINCIPA'!K29 -> 46974.785 | L29: =+'01BARON_GALLERO_ACCESO_PRINCIPA'!L29 -> 4697478.5
C30: SUBTOTAL ESTUDIOS Y DISEÑO (B) | L30: =+'01BARON_GALLERO_ACCESO_PRINCIPA'!L30 -> 4697478.5
C31: VEREDA GERMANIA VÍA LA CASCAREJA
C32: 16 | D32: =+'02GERMANIA_VÍA_CASCAREJA'!D14 -> 3.01.04 | G32: =+'02GERMANIA_VÍA_CASCAREJA'!G14 -> LOCALIZACION Y REPLANTEO TOPOGRAFICO | H32: =+'02GERMANIA_VÍA_CASCAREJA'!H14 -> KM | I32: =+'02GERMANIA_VÍA_CASCAREJA'!I14 -> 0.1 | J32: =+'02GERMANIA_VÍA_CASCAREJA'!J14 -> 3708675.9 | K32: =+'02GERMANIA_VÍA_CASCAREJA'!K14 -> 4821278.7 | L32: =+'02GERMANIA_VÍA_CASCAREJA'!L14 -> 482127.87
C33: 17 | D33: =+'02GERMANIA_VÍA_CASCAREJA'!D15 -> 3.02.07 | G33: =+'02GERMANIA_VÍA_CASCAREJA'!G15 -> EXCAVACIONES MECANICAS VARIAS EN MATERIAL COMUN SECO | H33: =+'02GERMANIA_VÍA_CASCAREJA'!H15 -> M3 | I33: =+'02GERMANIA_VÍA_CASCAREJA'!I15 -> 150 | J33: =+'02GERMANIA_VÍA_CASCAREJA'!J15 -> 16429.53 | K33: =+'02GERMANIA_VÍA_CASCAREJA'!K15 -> 21358.389 | L33: =+'02GERMANIA_VÍA_CASCAREJA'!L15 -> 3203758.4
C34: 18 | D34: =+'02GERMANIA_VÍA_CASCAREJA'!D16 -> 3.04.03 | G34: =+'02GERMANIA_VÍA_CASCAREJA'!G16 -> CUNETEO, PERFILADO Y COMPACTACION DE LA BANCA EXISTENTE. (TRABAJO PREVIO A PAVIMENTACION) | H34: =+'02GERMANIA_VÍA_CASCAREJA'!H16 -> KM | I34: =+'02GERMANIA_VÍA_CASCAREJA'!I16 -> 0.1 | J34: =+'02GERMANIA_VÍA_CASCAREJA'!J16 -> 1249701 | K34: =+'02GERMANIA_VÍA_CASCAREJA'!K16 -> 1624611.3 | L34: =+'02GERMANIA_VÍA_CASCAREJA'!L16 -> 162461.13
C35: 19 | D35: =+'02GERMANIA_VÍA_CASCAREJA'!D17 -> 3.03.10 | G35: =+'02GERMANIA_VÍA_CASCAREJA'!G17 -> EXCAVACION MANUAL EN MATERIAL COMUN | H35: =+'02GERMANIA_VÍA_CASCAREJA'!H17 -> M3 | I35: =+'02GERMANIA_VÍA_CASCAREJA'!I17 -> 222 | J35: =+'02GERMANIA_VÍA_CASCAREJA'!J17 -> 64546.54 | K35: =+'02GERMANIA_VÍA_CASCAREJA'!K17 -> 83910.502 | L35: =+'02GERMANIA_VÍA_CASCAREJA'!L17 -> 18628131
C36: 20 | D36: =+'02GERMANIA_VÍA_CASCAREJA'!D18 -> 3.04.07 | G36: =+'02GERMANIA_VÍA_CASCAREJA'!G18 -> SUMINISTRO, EXTENDIDA Y COMPACTACION DE MATERIAL SELECCIONADO PARA SUBBASE GRANULAR (INCLUYE ACARREO LIBRE DE 5KM) (**) | H36: =+'02GERMANIA_VÍA_CASCAREJA'!H18 -> M3 | I36: =+'02GERMANIA_VÍA_CASCAREJA'!I18 -> 75 | J36: =+'02GERMANIA_VÍA_CASCAREJA'!J18 -> 102476.51 | K36: =+'02GERMANIA_VÍA_CASCAREJA'!K18 -> 133219.46 | L36: =+'02GERMANIA_VÍA_CASCAREJA'!L18 -> 9991459.7
C37: 21 | D37: =+'02GERMANIA_VÍA_CASCAREJA'!D19 -> 3.05.11 | G37: =+'02GERMANIA_VÍA_CASCAREJA'!G19 -> CONCRETO PARA PAVIMENTO RIGIDO 21 MPa - (3000 PSI), INCLUYE SELLO DE JUNTAS PARA PLACA HUELLA | H37: =+'02GERMANIA_VÍA_CASCAREJA'!H19 -> M3 | I37: =+'02GERMANIA_VÍA_CASCAREJA'!I19 -> 73.2 | J37: =+'02GERMANIA_VÍA_CASCAREJA'!J19 -> 786317.44 | K37: =+'02GERMANIA_VÍA_CASCAREJA'!K19 -> 1022212.7 | L37: =+'02GERMANIA_VÍA_CASCAREJA'!L19 -> 74825968
C38: 22 | D38: =+'02GERMANIA_VÍA_CASCAREJA'!D20 -> 3.03.21 | G38: =+'02GERMANIA_VÍA_CASCAREJA'!G20 -> SUMINISTRO E INSTALACION DE CONCRETO CICLOPEO DE 21 MPA (3000 PSI) , 60% RAJON PARA PLACA HUELLAS INCLUYE SELLO DE JUNTAS | H38: =+'02GERMANIA_VÍA_CASCAREJA'!H20 -> M3 | I38: =+'02GERMANIA_VÍA_CASCAREJA'!I20 -> 27 | J38: =+'02GERMANIA_VÍA_CASCAREJA'!J20 -> 542040.13 | K38: =+'02GERMANIA_VÍA_CASCAREJA'!K20 -> 704652.17 | L38: =+'02GERMANIA_VÍA_CASCAREJA'!L20 -> 19025609
C39: 23 | D39: =+'02GERMANIA_VÍA_CASCAREJA'!D21 -> 3.10.12 | G39: =+'02GERMANIA_VÍA_CASCAREJA'!G21 -> SUMINISTRO FIGURADO Y ARMADO DE ACERO DE REFUERZO 60000 PSI 420 MPA | H39: =+'02GERMANIA_VÍA_CASCAREJA'!H21 -> KG | I39: =+'02GERMANIA_VÍA_CASCAREJA'!I21 -> 3834.416 | J39: =+'02GERMANIA_VÍA_CASCAREJA'!J21 -> 7002.12 | K39: =+'02GERMANIA_VÍA_CASCAREJA'!K21 -> 9102.756 | L39: =+'02GERMANIA_VÍA_CASCAREJA'!L21 -> 34903753
C40: 24 | D40: =+'02GERMANIA_VÍA_CASCAREJA'!D22 -> 3.12.03 | G40: =+'02GERMANIA_VÍA_CASCAREJA'!G22 -> TRANSPORTE DE MATERIAL DE AFIRMADO Y/O GRANULAR DESPUÉS DE 5 KM (INSTALADO Y COMPACTADO SEGÚN SECCIÓN DE DISEÑO). | H40: =+'02GERMANIA_VÍA_CASCAREJA'!H22 -> M3-KM | I40: =+'02GERMANIA_VÍA_CASCAREJA'!I22 -> 375 | J40: =+'02GERMANIA_VÍA_CASCAREJA'!J22 -> 2312.5 | K40: =+'02GERMANIA_VÍA_CASCAREJA'!K22 -> 3006.25 | L40: =+'02GERMANIA_VÍA_CASCAREJA'!L22 -> 1127343.8
C41: 25 | D41: =+'02GERMANIA_VÍA_CASCAREJA'!D23 -> 3.09.15 | G41: =+'02GERMANIA_VÍA_CASCAREJA'!G23 -> SUMINISTRO E INSTALACION SEÑAL VIAL PREVENTIVA, TAMAÑO 75*75 cm. SEGUN NORMA INVIAS | H41: =+'02GERMANIA_VÍA_CASCAREJA'!H23 -> UND. | I41: =+'02GERMANIA_VÍA_CASCAREJA'!I23 -> 2 | J41: =+'02GERMANIA_VÍA_CASCAREJA'!J23 -> 430879.73 | K41: =+'02GERMANIA_VÍA_CASCAREJA'!K23 -> 560143.65 | L41: =+'02GERMANIA_VÍA_CASCAREJA'!L23 -> 1120287.3
C42: 26 | D42: =+'02GERMANIA_VÍA_CASCAREJA'!D24 -> 3.09.16 | G42: =+'02GERMANIA_VÍA_CASCAREJA'!G24 -> SUMINISTRO E INSTALACION SEÑAL VIAL REGLAMENTARIA, DIAMETRO 75 cm. SEGÚN NORMA INVIAS | H42: =+'02GERMANIA_VÍA_CASCAREJA'!H24 -> UND. | I42: =+'02GERMANIA_VÍA_CASCAREJA'!I24 -> 2 | J42: =+'02GERMANIA_VÍA_CASCAREJA'!J24 -> 593433.73 | K42: =+'02GERMANIA_VÍA_CASCAREJA'!K24 -> 771463.85 | L42: =+'02GERMANIA_VÍA_CASCAREJA'!L24 -> 1542927.7
C43: 27 | D43: =+'02GERMANIA_VÍA_CASCAREJA'!D25 -> 3.03.22 | G43: =+'02GERMANIA_VÍA_CASCAREJA'!G25 -> SUMINISTRO E INSTALACION DE CONCRETO DE 14 MPA (2000 PSI) SOLADOS Y ATRAQUES | H43: =+'02GERMANIA_VÍA_CASCAREJA'!H25 -> M3 | I43: =+'02GERMANIA_VÍA_CASCAREJA'!I25 -> 1.08 | J43: =+'02GERMANIA_VÍA_CASCAREJA'!J25 -> 516357.47 | K43: =+'02GERMANIA_VÍA_CASCAREJA'!K25 -> 671264.71 | L43: =+'02GERMANIA_VÍA_CASCAREJA'!L25 -> 724965.89
... C45: 29 | D45: =+'02GERMANIA_VÍA_CASCAREJA'!D27 -> 1.01.06 | G45: =+'02GERMANIA_VÍA_CASCAREJA'!G27 -> CONFORMACIÓN COMPACTACIÓN SUBRASANTE CBR=95% | H45: =+'02GERMANIA_VÍA_CASCAREJA'!H27 -> M2 | I45: =+'02GERMANIA_VÍA_CASCAREJA'!I27 -> 500 | J45: =+'02GERMANIA_VÍA_CASCAREJA'!J27 -> 1249.47 | K45: =+'02GERMANIA_VÍA_CASCAREJA'!K27 -> 1624.311 | L45: =+'02GERMANIA_VÍA_CASCAREJA'!L27 -> 812155.5
C46: SUBTOTAL OBRAS (D) | L46: =+'02GERMANIA_VÍA_CASCAREJA'!L28 -> 1.7307072e+08
C47: 30 | D47: =+'02GERMANIA_VÍA_CASCAREJA'!D29 -> CONTRATO 1022- MALLA VIAL | G47: =+'02GERMANIA_VÍA_CASCAREJA'!G29 -> ESTUDIOS Y DSEÑOS DE LA VÍA | H47: =+'02GERMANIA_VÍA_CASCAREJA'!H29 -> ML | I47: =+'02GERMANIA_VÍA_CASCAREJA'!I29 -> 100 | J47: =+'02GERMANIA_VÍA_CASCAREJA'!J29 -> 36134.45 | K47: =+'02GERMANIA_VÍA_CASCAREJA'!K29 -> 46974.785 | L47: =+'02GERMANIA_VÍA_CASCAREJA'!L29 -> 4697478.5
C48: SUBTOTAL ESTUDIOS Y DISEÑO (F) | L48: =+SUM(L47) -> 4697478.5
C49: VEREDA BARON GALLERO-EL TOBO HASTA VÍA LIBERTADOR
C50: 31 | D50: =+'03BARON_GALLERO_TOPO_VIA_LIBER'!D14 -> 3.01.04 | G50: =+'03BARON_GALLERO_TOPO_VIA_LIBER'!G14 -> LOCALIZACION Y REPLANTEO TOPOGRAFICO | H50: =+'03BARON_GALLERO_TOPO_VIA_LIBER'!H14 -> KM | I50: =+'03BARON_GALLERO_TOPO_VIA_LIBER'!I14 -> 0.09 | J50: =+'03BARON_GALLERO_TOPO_VIA_LIBER'!J14 -> 3708675.9 | K50: =+'03BARON_GALLERO_TOPO_VIA_LIBER'!K14 -> 4821278.7 | L50: =+'03BARON_GALLERO_TOPO_VIA_LIBER'!L14 -> 433915.08
C51: 32 | D51: =+'03BARON_GALLERO_TOPO_VIA_LIBER'!D15 -> 3.02.07 | G51: =+'03BARON_GALLERO_TOPO_VIA_LIBER'!G15 -> EXCAVACIONES MECANICAS VARIAS EN MATERIAL COMUN SECO | H51: =+'03BARON_GALLERO_TOPO_VIA_LIBER'!H15 -> M3 | I51: =+'03BARON_GALLERO_TOPO_VIA_LIBER'!I15 -> 135 | J51: =+'03BARON_GALLERO_TOPO_VIA_LIBER'!J15 -> 16429.53 | K51: =+'03BARON_GALLERO_TOPO_VIA_LIBER'!K15 -> 21358.389 | L51: =+'03BARON_GALLERO_TOPO_VIA_LIBER'!L15 -> 2883382.5
C52: 33 | D52: =+'03BARON_GALLERO_TOPO_VIA_LIBER'!D16 -> 3.04.03 | G52: =+'03BARON_GALLERO_TOPO_VIA_LIBER'!G16 -> CUNETEO, PERFILADO Y COMPACTACION DE LA BANCA EXISTENTE. (TRABAJO PREVIO A PAVIMENTACION) | H52: =+'03BARON_GALLERO_TOPO_VIA_LIBER'!H16 -> KM | I52: =+'03BARON_GALLERO_TOPO_VIA_LIBER'!I16 -> 0.09 | J52: =+'03BARON_GALLERO_TOPO_VIA_LIBER'!J16 -> 1249701 | K52: =+'03BARON_GALLERO_TOPO_VIA_LIBER'!K16 -> 1624611.3 | L52: =+'03BARON_GALLERO_TOPO_VIA_LIBER'!L16 -> 146215.02
C53: 34 | D53: =+'03BARON_GALLERO_TOPO_VIA_LIBER'!D17 -> 3.03.10 | G53: =+'03BARON_GALLERO_TOPO_VIA_LIBER'!G17 -> EXCAVACION MANUAL EN MATERIAL COMUN | H53: =+'03BARON_GALLERO_TOPO_VIA_LIBER'!H17 -> M3 | I53: =+'03BARON_GALLERO_TOPO_VIA_LIBER'!I17 -> 178.2 | J53: =+'03BARON_GALLERO_TOPO_VIA_LIBER'!J17 -> 64546.54 | K53: =+'03BARON_GALLERO_TOPO_VIA_LIBER'!K17 -> 83910.502 | L53: =+'03BARON_GALLERO_TOPO_VIA_LIBER'!L17 -> 14952851
C54: 35 | D54: =+'03BARON_GALLERO_TOPO_VIA_LIBER'!D18 -> 3.04.07 | G54: =+'03BARON_GALLERO_TOPO_VIA_LIBER'!G18 -> SUMINISTRO, EXTENDIDA Y COMPACTACION DE MATERIAL SELECCIONADO PARA SUBBASE GRANULAR (INCLUYE ACARREO LIBRE DE 5KM) (**) | H54: =+'03BARON_GALLERO_TOPO_VIA_LIBER'!H18 -> M3 | I54: =+'03BARON_GALLERO_TOPO_VIA_LIBER'!I18 -> 67.5 | J54: =+'03BARON_GALLERO_TOPO_VIA_LIBER'!J18 -> 102476.51 | K54: =+'03BARON_GALLERO_TOPO_VIA_LIBER'!K18 -> 133219.46 | L54: =+'03BARON_GALLERO_TOPO_VIA_LIBER'!L18 -> 8992313.8
C55: 36 | D55: =+'03BARON_GALLERO_TOPO_VIA_LIBER'!D19 -> 3.05.11 | G55: =+'03BARON_GALLERO_TOPO_VIA_LIBER'!G19 -> CONCRETO PARA PAVIMENTO RIGIDO 21 MPa - (3000 PSI), INCLUYE SELLO DE JUNTAS PARA PLACA HUELLA | H55: =+'03BARON_GALLERO_TOPO_VIA_LIBER'!H19 -> M3 | I55: =+'03BARON_GALLERO_TOPO_VIA_LIBER'!I19 -> 65.76 | J55: =+'03BARON_GALLERO_TOPO_VIA_LIBER'!J19 -> 786317.44 | K55: =+'03BARON_GALLERO_TOPO_VIA_LIBER'!K19 -> 1022212.7 | L55: =+'03BARON_GALLERO_TOPO_VIA_LIBER'!L19 -> 67220705
C56: 37 | D56: =+'03BARON_GALLERO_TOPO_VIA_LIBER'!D20 -> 3.03.21 | G56: =+'03BARON_GALLERO_TOPO_VIA_LIBER'!G20 -> SUMINISTRO E INSTALACION DE CONCRETO CICLOPEO DE 21 MPA (3000 PSI) , 60% RAJON PARA PLACA HUELLAS INCLUYE SELLO DE JUNTAS | H56: =+'03BARON_GALLERO_TOPO_VIA_LIBER'!H20 -> M3 | I56: =+'03BARON_GALLERO_TOPO_VIA_LIBER'!I20 -> 24.3 | J56: =+'03BARON_GALLERO_TOPO_VIA_LIBER'!J20 -> 542040.13 | K56: =+'03BARON_GALLERO_TOPO_VIA_LIBER'!K20 -> 704652.17 | L56: =+'03BARON_GALLERO_TOPO_VIA_LIBER'!L20 -> 17123048
C57: 38 | D57: =+'03BARON_GALLERO_TOPO_VIA_LIBER'!D21 -> 3.10.12 | G57: =+'03BARON_GALLERO_TOPO_VIA_LIBER'!G21 -> SUMINISTRO FIGURADO Y ARMADO DE ACERO DE REFUERZO 60000 PSI 420 MPA | H57: =+'03BARON_GALLERO_TOPO_VIA_LIBER'!H21 -> KG | I57: =+'03BARON_GALLERO_TOPO_VIA_LIBER'!I21 -> 3462.472 | J57: =+'03BARON_GALLERO_TOPO_VIA_LIBER'!J21 -> 7002.12 | K57: =+'03BARON_GALLERO_TOPO_VIA_LIBER'!K21 -> 9102.756 | L57: =+'03BARON_GALLERO_TOPO_VIA_LIBER'!L21 -> 31518038
C58: 39 | D58: =+'03BARON_GALLERO_TOPO_VIA_LIBER'!D22 -> 3.12.03 | G58: =+'03BARON_GALLERO_TOPO_VIA_LIBER'!G22 -> TRANSPORTE DE MATERIAL DE AFIRMADO Y/O GRANULAR DESPUÉS DE 5 KM (INSTALADO Y COMPACTADO SEGÚN SECCIÓN DE DISEÑO). | H58: =+'03BARON_GALLERO_TOPO_VIA_LIBER'!H22 -> M3-KM | I58: =+'03BARON_GALLERO_TOPO_VIA_LIBER'!I22 -> 337.5 | J58: =+'03BARON_GALLERO_TOPO_VIA_LIBER'!J22 -> 2312.5 | K58: =+'03BARON_GALLERO_TOPO_VIA_LIBER'!K22 -> 3006.25 | L58: =+'03BARON_GALLERO_TOPO_VIA_LIBER'!L22 -> 1014609.4
C59: 40 | D59: =+'03BARON_GALLERO_TOPO_VIA_LIBER'!D23 -> 3.09.15 | G59: =+'03BARON_GALLERO_TOPO_VIA_LIBER'!G23 -> SUMINISTRO E INSTALACION SEÑAL VIAL PREVENTIVA, TAMAÑO 75*75 cm. SEGUN NORMA INVIAS | H59: =+'03BARON_GALLERO_TOPO_VIA_LIBER'!H23 -> UND. | I59: =+'03BARON_GALLERO_TOPO_VIA_LIBER'!I23 -> 2 | J59: =+'03BARON_GALLERO_TOPO_VIA_LIBER'!J23 -> 430879.73 | K59: =+'03BARON_GALLERO_TOPO_VIA_LIBER'!K23 -> 560143.65 | L59: =+'03BARON_GALLERO_TOPO_VIA_LIBER'!L23 -> 1120287.3
C60: 41 | D60: =+'03BARON_GALLERO_TOPO_VIA_LIBER'!D24 -> 3.09.16 | G60: =+'03BARON_GALLERO_TOPO_VIA_LIBER'!G24 -> SUMINISTRO E INSTALACION SEÑAL VIAL REGLAMENTARIA, DIAMETRO 75 cm. SEGÚN NORMA INVIAS | H60: =+'03BARON_GALLERO_TOPO_VIA_LIBER'!H24 -> UND. | I60: =+'03BARON_GALLERO_TOPO_VIA_LIBER'!I24 -> 2 | J60: =+'03BARON_GALLERO_TOPO_VIA_LIBER'!J24 -> 593433.73 | K60: =+'03BARON_GALLERO_TOPO_VIA_LIBER'!K24 -> 771463.85 | L60: =+'03BARON_GALLERO_TOPO_VIA_LIBER'!L24 -> 1542927.7
C61: 42 | D61: =+'03BARON_GALLERO_TOPO_VIA_LIBER'!D25 -> 3.03.22 | G61: =+'03BARON_GALLERO_TOPO_VIA_LIBER'!G25 -> SUMINISTRO E INSTALACION DE CONCRETO DE 14 MPA (2000 PSI) SOLADOS Y ATRAQUES | H61: =+'03BARON_GALLERO_TOPO_VIA_LIBER'!H25 -> M3 | I61: =+'03BARON_GALLERO_TOPO_VIA_LIBER'!I25 -> 0.96 | J61: =+'03BARON_GALLERO_TOPO_VIA_LIBER'!J25 -> 516357.47 | K61: =+'03BARON_GALLERO_TOPO_VIA_LIBER'!K25 -> 671264.71 | L61: =+'03BARON_GALLERO_TOPO_VIA_LIBER'!L25 -> 644414.12
... C63: 44 | D63: =+'03BARON_GALLERO_TOPO_VIA_LIBER'!D27 -> 1.01.06 | G63: =+'03BARON_GALLERO_TOPO_VIA_LIBER'!G27 -> CONFORMACIÓN COMPACTACIÓN SUBRASANTE CBR=95% | H63: =+'03BARON_GALLERO_TOPO_VIA_LIBER'!H27 -> M2 | I63: =+'03BARON_GALLERO_TOPO_VIA_LIBER'!I27 -> 450 | J63: =+'03BARON_GALLERO_TOPO_VIA_LIBER'!J27 -> 1249.47 | K63: =+'03BARON_GALLERO_TOPO_VIA_LIBER'!K27 -> 1624.311 | L63: =+'03BARON_GALLERO_TOPO_VIA_LIBER'!L27 -> 730939.95
C64: SUBTOTAL OBRAS (G) | L64: =+'03BARON_GALLERO_TOPO_VIA_LIBER'!L28 -> 1.5419144e+08
C65: 45 | D65: =+'03BARON_GALLERO_TOPO_VIA_LIBER'!D29 -> CONTRATO 1022- MALLA VIAL | G65: =+'03BARON_GALLERO_TOPO_VIA_LIBER'!G29 -> ESTUDIOS Y DSEÑOS DE LA VÍA | H65: =+'03BARON_GALLERO_TOPO_VIA_LIBER'!H29 -> ML | I65: =+'03BARON_GALLERO_TOPO_VIA_LIBER'!I29 -> 90 | J65: =+'03BARON_GALLERO_TOPO_VIA_LIBER'!J29 -> 36134.45 | K65: =+'03BARON_GALLERO_TOPO_VIA_LIBER'!K29 -> 46974.785 | L65: =+'03BARON_GALLERO_TOPO_VIA_LIBER'!L29 -> 4227730.6
C66: SUBTOTAL ESTUDIOS Y DISEÑO (H) | L66: =+'03BARON_GALLERO_TOPO_VIA_LIBER'!L30 -> 4227730.6
C67: VEREDA CHORRO ALTO BLANCO (SECTOR TIENDA NUEVA)
C68: 46 | D68: =+'04CHORRO_BLANCO_SECTOR_T.NUEVA'!D14 -> 3.01.04 | G68: =+'04CHORRO_BLANCO_SECTOR_T.NUEVA'!G14 -> LOCALIZACION Y REPLANTEO TOPOGRAFICO | H68: =+'04CHORRO_BLANCO_SECTOR_T.NUEVA'!H14 -> KM | I68: =+'04CHORRO_BLANCO_SECTOR_T.NUEVA'!I14 -> 0.1474166 | J68: =+'04CHORRO_BLANCO_SECTOR_T.NUEVA'!J14 -> 3708675.9 | K68: =+'04CHORRO_BLANCO_SECTOR_T.NUEVA'!K14 -> 4821278.7 | L68: =+'04CHORRO_BLANCO_SECTOR_T.NUEVA'!L14 -> 710736.51
C69: 47 | D69: =+'04CHORRO_BLANCO_SECTOR_T.NUEVA'!D15 -> 3.02.07 | G69: =+'04CHORRO_BLANCO_SECTOR_T.NUEVA'!G15 -> EXCAVACIONES MECANICAS VARIAS EN MATERIAL COMUN SECO | H69: =+'04CHORRO_BLANCO_SECTOR_T.NUEVA'!H15 -> M3 | I69: =+'04CHORRO_BLANCO_SECTOR_T.NUEVA'!I15 -> 221.1249 | J69: =+'04CHORRO_BLANCO_SECTOR_T.NUEVA'!J15 -> 16429.53 | K69: =+'04CHORRO_BLANCO_SECTOR_T.NUEVA'!K15 -> 21358.389 | L69: =+'04CHORRO_BLANCO_SECTOR_T.NUEVA'!L15 -> 4722871.6
C70: 48 | D70: =+'04CHORRO_BLANCO_SECTOR_T.NUEVA'!D16 -> 3.04.03 | G70: =+'04CHORRO_BLANCO_SECTOR_T.NUEVA'!G16 -> CUNETEO, PERFILADO Y COMPACTACION DE LA BANCA EXISTENTE. (TRABAJO PREVIO A PAVIMENTACION) | H70: =+'04CHORRO_BLANCO_SECTOR_T.NUEVA'!H16 -> KM | I70: =+'04CHORRO_BLANCO_SECTOR_T.NUEVA'!I16 -> 0.1474166 | J70: =+'04CHORRO_BLANCO_SECTOR_T.NUEVA'!J16 -> 1249701 | K70: =+'04CHORRO_BLANCO_SECTOR_T.NUEVA'!K16 -> 1624611.3 | L70: =+'04CHORRO_BLANCO_SECTOR_T.NUEVA'!L16 -> 239494.67
C71: 49 | D71: =+'04CHORRO_BLANCO_SECTOR_T.NUEVA'!D17 -> 3.03.10 | G71: =+'04CHORRO_BLANCO_SECTOR_T.NUEVA'!G17 -> EXCAVACION MANUAL EN MATERIAL COMUN | H71: =+'04CHORRO_BLANCO_SECTOR_T.NUEVA'!H17 -> M3 | I71: =+'04CHORRO_BLANCO_SECTOR_T.NUEVA'!I17 -> 477.62978 | J71: =+'04CHORRO_BLANCO_SECTOR_T.NUEVA'!J17 -> 64546.54 | K71: =+'04CHORRO_BLANCO_SECTOR_T.NUEVA'!K17 -> 83910.502 | L71: =+'04CHORRO_BLANCO_SECTOR_T.NUEVA'!L17 -> 40078155
C72: 50 | D72: =+'04CHORRO_BLANCO_SECTOR_T.NUEVA'!D18 -> 3.04.07 | G72: =+'04CHORRO_BLANCO_SECTOR_T.NUEVA'!G18 -> SUMINISTRO, EXTENDIDA Y COMPACTACION DE MATERIAL SELECCIONADO PARA SUBBASE GRANULAR (INCLUYE ACARREO LIBRE DE 5KM) (**) | H72: =+'04CHORRO_BLANCO_SECTOR_T.NUEVA'!H18 -> M3 | I72: =+'04CHORRO_BLANCO_SECTOR_T.NUEVA'!I18 -> 110.56245 | J72: =+'04CHORRO_BLANCO_SECTOR_T.NUEVA'!J18 -> 102476.51 | K72: =+'04CHORRO_BLANCO_SECTOR_T.NUEVA'!K18 -> 133219.46 | L72: =+'04CHORRO_BLANCO_SECTOR_T.NUEVA'!L18 -> 14729070
C73: 51 | D73: =+'04CHORRO_BLANCO_SECTOR_T.NUEVA'!D19 -> 3.05.11 | G73: =+'04CHORRO_BLANCO_SECTOR_T.NUEVA'!G19 -> CONCRETO PARA PAVIMENTO RIGIDO 21 MPa - (3000 PSI), INCLUYE SELLO DE JUNTAS PARA PLACA HUELLA | H73: =+'04CHORRO_BLANCO_SECTOR_T.NUEVA'!H19 -> M3 | I73: =+'04CHORRO_BLANCO_SECTOR_T.NUEVA'!I19 -> 107.88796 | J73: =+'04CHORRO_BLANCO_SECTOR_T.NUEVA'!J19 -> 786317.44 | K73: =+'04CHORRO_BLANCO_SECTOR_T.NUEVA'!K19 -> 1022212.7 | L73: =+'04CHORRO_BLANCO_SECTOR_T.NUEVA'!L19 -> 1.1028444e+08
C74: 52 | D74: =+'04CHORRO_BLANCO_SECTOR_T.NUEVA'!D20 -> 3.03.21 | G74: =+'04CHORRO_BLANCO_SECTOR_T.NUEVA'!G20 -> SUMINISTRO E INSTALACION DE CONCRETO CICLOPEO DE 21 MPA (3000 PSI) , 60% RAJON PARA PLACA HUELLAS INCLUYE SELLO DE JUNTAS | H74: =+'04CHORRO_BLANCO_SECTOR_T.NUEVA'!H20 -> M3 | I74: =+'04CHORRO_BLANCO_SECTOR_T.NUEVA'!I20 -> 39.802482 | J74: =+'04CHORRO_BLANCO_SECTOR_T.NUEVA'!J20 -> 542040.13 | K74: =+'04CHORRO_BLANCO_SECTOR_T.NUEVA'!K20 -> 704652.17 | L74: =+'04CHORRO_BLANCO_SECTOR_T.NUEVA'!L20 -> 28046905
C75: 53 | D75: =+'04CHORRO_BLANCO_SECTOR_T.NUEVA'!D21 -> 3.10.12 | G75: =+'04CHORRO_BLANCO_SECTOR_T.NUEVA'!G21 -> SUMINISTRO FIGURADO Y ARMADO DE ACERO DE REFUERZO 60000 PSI 420 MPA | H75: =+'04CHORRO_BLANCO_SECTOR_T.NUEVA'!H21 -> KG | I75: =+'04CHORRO_BLANCO_SECTOR_T.NUEVA'!I21 -> 5648.3542 | J75: =+'04CHORRO_BLANCO_SECTOR_T.NUEVA'!J21 -> 7002.12 | K75: =+'04CHORRO_BLANCO_SECTOR_T.NUEVA'!K21 -> 9102.756 | L75: =+'04CHORRO_BLANCO_SECTOR_T.NUEVA'!L21 -> 51415590
C76: 54 | D76: =+'04CHORRO_BLANCO_SECTOR_T.NUEVA'!D22 -> 3.12.03 | G76: =+'04CHORRO_BLANCO_SECTOR_T.NUEVA'!G22 -> TRANSPORTE DE MATERIAL DE AFIRMADO Y/O GRANULAR DESPUÉS DE 5 KM (INSTALADO Y COMPACTADO SEGÚN SECCIÓN DE DISEÑO). | H76: =+'04CHORRO_BLANCO_SECTOR_T.NUEVA'!H22 -> M3-KM | I76: =+'04CHORRO_BLANCO_SECTOR_T.NUEVA'!I22 -> 552.81225 | J76: =+'04CHORRO_BLANCO_SECTOR_T.NUEVA'!J22 -> 2312.5 | K76: =+'04CHORRO_BLANCO_SECTOR_T.NUEVA'!K22 -> 3006.25 | L76: =+'04CHORRO_BLANCO_SECTOR_T.NUEVA'!L22 -> 1661891.8
C77: 55 | D77: =+'04CHORRO_BLANCO_SECTOR_T.NUEVA'!D23 -> 3.09.15 | G77: =+'04CHORRO_BLANCO_SECTOR_T.NUEVA'!G23 -> SUMINISTRO E INSTALACION SEÑAL VIAL PREVENTIVA, TAMAÑO 75*75 cm. SEGUN NORMA INVIAS | H77: =+'04CHORRO_BLANCO_SECTOR_T.NUEVA'!H23 -> UND. | I77: =+'04CHORRO_BLANCO_SECTOR_T.NUEVA'!I23 -> 2 | J77: =+'04CHORRO_BLANCO_SECTOR_T.NUEVA'!J23 -> 430879.73 | K77: =+'04CHORRO_BLANCO_SECTOR_T.NUEVA'!K23 -> 560143.65 | L77: =+'04CHORRO_BLANCO_SECTOR_T.NUEVA'!L23 -> 1120287.3
C78: 56 | D78: =+'04CHORRO_BLANCO_SECTOR_T.NUEVA'!D24 -> 3.09.16 | G78: =+'04CHORRO_BLANCO_SECTOR_T.NUEVA'!G24 -> SUMINISTRO E INSTALACION SEÑAL VIAL REGLAMENTARIA, DIAMETRO 75 cm. SEGÚN NORMA INVIAS | H78: =+'04CHORRO_BLANCO_SECTOR_T.NUEVA'!H24 -> UND. | I78: =+'04CHORRO_BLANCO_SECTOR_T.NUEVA'!I24 -> 2 | J78: =+'04CHORRO_BLANCO_SECTOR_T.NUEVA'!J24 -> 593433.73 | K78: =+'04CHORRO_BLANCO_SECTOR_T.NUEVA'!K24 -> 771463.85 | L78: =+'04CHORRO_BLANCO_SECTOR_T.NUEVA'!L24 -> 1542927.7
C79: 57 | D79: =+'04CHORRO_BLANCO_SECTOR_T.NUEVA'!D25 -> 3.03.22 | G79: =+'04CHORRO_BLANCO_SECTOR_T.NUEVA'!G25 -> SUMINISTRO E INSTALACION DE CONCRETO DE 14 MPA (2000 PSI) SOLADOS Y ATRAQUES | H79: =+'04CHORRO_BLANCO_SECTOR_T.NUEVA'!H25 -> M3 | I79: =+'04CHORRO_BLANCO_SECTOR_T.NUEVA'!I25 -> 1.59 | J79: =+'04CHORRO_BLANCO_SECTOR_T.NUEVA'!J25 -> 516357.47 | K79: =+'04CHORRO_BLANCO_SECTOR_T.NUEVA'!K25 -> 671264.71 | L79: =+'04CHORRO_BLANCO_SECTOR_T.NUEVA'!L25 -> 1067310.9
... C81: 59 | D81: =+'04CHORRO_BLANCO_SECTOR_T.NUEVA'!D27 -> 1.01.06 | G81: =+'04CHORRO_BLANCO_SECTOR_T.NUEVA'!G27 -> CONFORMACIÓN COMPACTACIÓN SUBRASANTE CBR=95% | H81: =+'04CHORRO_BLANCO_SECTOR_T.NUEVA'!H27 -> M2 | I81: =+'04CHORRO_BLANCO_SECTOR_T.NUEVA'!I27 -> 737.083 | J81: =+'04CHORRO_BLANCO_SECTOR_T.NUEVA'!J27 -> 1249.47 | K81: =+'04CHORRO_BLANCO_SECTOR_T.NUEVA'!K27 -> 1624.311 | L81: =+'04CHORRO_BLANCO_SECTOR_T.NUEVA'!L27 -> 1197252
C82: SUBTOTAL OBRAS (I) | L82: =+'04CHORRO_BLANCO_SECTOR_T.NUEVA'!L28 -> 2.6642816e+08
C83: 60 | D83: =+'04CHORRO_BLANCO_SECTOR_T.NUEVA'!D29 -> CONTRATO 1022- MALLA VIAL | G83: =+'04CHORRO_BLANCO_SECTOR_T.NUEVA'!G29 -> ESTUDIOS Y DSEÑOS DE LA VÍA | H83: =+'04CHORRO_BLANCO_SECTOR_T.NUEVA'!H29 -> ML | I83: =+'04CHORRO_BLANCO_SECTOR_T.NUEVA'!I29 -> 147.4166 | J83: =+'04CHORRO_BLANCO_SECTOR_T.NUEVA'!J29 -> 36134.45 | K83: =+'04CHORRO_BLANCO_SECTOR_T.NUEVA'!K29 -> 46974.785 | L83: =+'04CHORRO_BLANCO_SECTOR_T.NUEVA'!L29 -> 6924863.1
C84: SUBTOTAL ESTUDIOS Y DISEÑO (J) | L84: =+'04CHORRO_BLANCO_SECTOR_T.NUEVA'!L30 -> 6924863.1
F87: SUB-TOTAL BÁSICO DE OBRA (A)+(B)+(C) +(D)+(E) = (F) | K87: =+L28+L46+L64+L82 -> 7.6676104e+08
F88: PLAN DE MANEJO AMBIENTAL = (G) (este ítem no puede ser modificado por el oferente) | K88: =+K87*0.01 -> 7667610.4
F89: PLAN DE MANEJO DE TRAFICO = (H) (este ítem no puede ser modificado por el oferente) | K89: =+K87*0.01 -> 7667610.4
F90: VALOR BASICO OBRA (F) + (G) + (H) = (I) | K90: =+K87+K88+K89 -> 7.8209626e+08
F91: VALOR BÁSICO ACTIVIDADES DE CONSULTORÍA BARON GALLERO (ESTUDIOS Y DISEÑOS) = (E) (este ítem no puede ser modificado por el oferente) | K91: =+L30+L48+L66+L84 -> 20547551
F92: SUB TOTAL CONSULTORIA = (E + F ) = (G) | K92: =+K91 -> 20547551
F93: IVA = (G x 19%) = H | K93: =+K92*0.19 -> 3904034.6
F94: VALOR TOTAL (D + G + H) Redondeado al peso | K94: =+ROUND((K92+K90+K93),0) -> 806547850
C97: NOTA 1: Se debe tener en cuenta que el PRECIO UNITARIO incluye el valor de A.I.U. | H97: DESCRIPCION | K97: PORCENTAJE
C98: NOTA 2: Cuando la fracción decimal del peso sea igual o superior a 5 se aproximará por exceso al número entero siguiente del peso y cuando la fracción decimal del peso sea inferior a 5 se aproximará por defecto al número entero del peso. | H98: ADMINISTRACIÓN | J98: A= | K98: 0.22
C99: NOTA 3: El A.I.U y su discriminación deben estar en porcentaje (%). | H99: IMPREVISTO | J99: I= | K99: 0.03
H100: UTILIDAD | J100: U= | K100: 0.05
H101: TOTAL A.I.U | J101: A.I.U.= | K101: 0.3

Sheet 01BARON_GALLERO_ACCESO_PRINCIPA
C3: Formulario 1 - Propuesta económica - Documento tipo de licitación de obra pública de infraestructura de transporte - versión 3
C4: Código | D4: CCE-EICP-FM-14 | E4: Versión | F4: 3 | P4: TIPO DE CURVA | Q4: ABCISA DESDE | R4: ABCISA LLEGADA | T4: DISTANCIA A CONSTRUIR | V4: ANCHO CALZADA | X4: Berma-cuneta exterior (m) | Y4: Piedra pegada exterior (m) | Z4: Placa-huella exterior (C.) | AA4: Piedra pegada central (m) | AB4: Placa-huella interior 1 (m) (D) | AC4: Piedra pegada interior (m) | AD4: Berma-cuneta exterior (m)
C5: FORMULARIO 1 | P5: TRAMO 1 K0+000 - K0+100
C6: PRESUPUESTO OFICIAL | P6: RECTA | Q6: 0 | R6: 100 | T6: =+R6-Q6 -> 100 | V6: =+VLOOKUP(P6,[6]CURVAS!$A$3:$J$15,2,FALSE) -> 5 | X6: 0.177 | Y6: 0.45 | Z6: =+VLOOKUP(P6,[6]CURVAS!$A$3:$J$15,5,FALSE) -> 0.9 | AA6: =+VLOOKUP(P6,[6]CURVAS!$A$3:$J$15,6,FALSE) -> 0.9 | AB6: =+VLOOKUP(P6,[6]CURVAS!$A$3:$J$15,7,FALSE) -> 0.9 | AC6: 0.45 | AD6: 0.177
C7: [La entidad puede utilizar este formulario de detalle del presupuesto oficial para determinar las condiciones bajo las cuales los proponentes analizarán y presentarán su propuesta económica de forma detallada, sin perjuicio que la entidad pueda modificarlo o establecer la presentación de la oferta económica con un formulario distinto al indicado.]
P8: Ítem | Q8: 3.01.04 LOCALIZACION Y REPLANTEO TOPOGRAFICO
C9: Adicionalmente, cuando el proceso de contratación es estructurado por precios unitarios, la Entidad debe aplicar las notas 1, 2 y 3 del presente formulario y las casillas de "Descripción", "Porcentaje" de la Administración, Imprevisto, Utilidad y total A.I.U. resaltadas en color amarillo. Tratándose de otras modalidades de precio, la Entidad puede o no configurar los mismos aspectos. | P9: =+$C$13 -> VEREDA BARON GALLERO ACCESO PRINCIPAL CON SALIDA A BOGOTA | Q9: Longitud (m) | R9: Ancho (m) | S9: Alto (m) | T9: Volumen Cartera | U9: Cant. De elementos | V9: Unidad | W9: KM
V10: Unidad | W10: Total
C11: Nº | D11: ÍTEM DE PAGO | E11: ESPECIFICACIONES | G11: DESCRIPCIÓN | H11: UND. | I11: CANTIDAD | J11: VALOR UNITARIO (SIN AIU) | K11: VALOR UNITARIO | L11: VALOR TOTAL | Q11: =+R6 -> 100 | V11: KM | W11: =+Q11/1000 -> 0.1
E12: GENERAL | F12: PARTICULAR
C13: VEREDA BARON GALLERO ACCESO PRINCIPAL CON SALIDA A BOGOTA | P13: Ítem | Q13: 3.02.07 EXCAVACIONES MECANICAS VARIAS EN MATERIAL COMUN EN SECO
C14: 1 | D14: 3.01.04 | G14: LOCALIZACION Y REPLANTEO TOPOGRAFICO | H14: KM | I14: =+W11 -> 0.1 | J14: 3708675.9 | K14: =J14*(1+$L$49) -> 4821278.7 | L14: =I14*K14 -> 482127.87 | P14: =+$C$13 -> VEREDA BARON GALLERO ACCESO PRINCIPAL CON SALIDA A BOGOTA | Q14: Longitud (m) | R14: Ancho (m) | S14: Alto (m) | T14: Volumen Cartera | U14: Cant. De elementos | V14: Unidad | W14: M3
C15: 2 | D15: 3.02.07 | G15: EXCAVACIONES MECANICAS VARIAS EN MATERIAL COMUN SECO | H15: M3 | I15: =+W16 -> 150 | J15: 16429.53 | K15: =J15*(1+$L$49) -> 21358.389 | L15: =I15*K15 -> 3203758.4 | V15: Unidad | W15: Total
C16: 3 | D16: 3.04.03 | G16: CUNETEO, PERFILADO Y COMPACTACION DE LA BANCA EXISTENTE. (TRABAJO PREVIO A PAVIMENTACION) | H16: KM | I16: =+W21 -> 0.1 | J16: 1249701 | K16: =J16*(1+$L$49) -> 1624611.3 | L16: =I16*K16 -> 162461.13 | Q16: =+T6 -> 100 | R16: =+V6 -> 5 | S16: 0.3 | V16: M3 | W16: =+Q16*R16*S16 -> 150
C17: 4 | D17: 3.03.10 | G17: EXCAVACION MANUAL EN MATERIAL COMUN | H17: M3 | I17: =+W28 -> 222 | J17: 64546.54 | K17: =J17*(1+$L$49) -> 83910.502 | L17: =I17*K17 -> 18628131
C18: 5 | D18: 3.04.07 | G18: SUMINISTRO, EXTENDIDA Y COMPACTACION DE MATERIAL SELECCIONADO PARA SUBBASE GRANULAR (INCLUYE ACARREO LIBRE DE 5KM) (**) | H18: M3 | I18: =+W33 -> 75 | J18: 102476.51 | K18: =J18*(1+$L$49) -> 133219.46 | L18: =I18*K18 -> 9991459.7 | P18: Ítem | Q18: 3.04.03 CUNETEO, PERFILADO Y COMPACTACION DE LA BANCA EXISTENTE (PREVIO A PAVIMENTACION)
C19: 6 | D19: 3.05.11 | G19: CONCRETO PARA PAVIMENTO RIGIDO 21 MPa - (3000 PSI), INCLUYE SELLO DE JUNTAS PARA PLACA HUELLA | H19: M3 | I19: =+AA37 -> 73.2 | J19: 786317.44 | K19: =J19*(1+$L$49) -> 1022212.7 | L19: =I19*K19 -> 74825968 | P19: =+$C$13 -> VEREDA BARON GALLERO ACCESO PRINCIPAL CON SALIDA A BOGOTA | Q19: Longitud (m) | R19: Ancho (m) | S19: Alto (m) | T19: Volumen Cartera | U19: Cant. De elementos | V19: Unidad | W19: KM
C20: 7 | D20: 3.03.21 | G20: SUMINISTRO E INSTALACION DE CONCRETO CICLOPEO DE 21 MPA (3000 PSI) , 60% RAJON PARA PLACA HUELLAS INCLUYE SELLO DE JUNTAS | H20: M3 | I20: =+W42 -> 27 | J20: 542040.13 | K20: =J20*(1+$L$49) -> 704652.17 | L20: =I20*K20 -> 19025609 | V20: Unidad | W20: Total
C21: 8 | D21: 3.10.12 | G21: SUMINISTRO FIGURADO Y ARMADO DE ACERO DE REFUERZO 60000 PSI 420 MPA | H21: KG | I21: =+Y53 -> 3834.416 | J21: 7002.12 | K21: =J21*(1+$L$49) -> 9102.756 | L21: =I21*K21 -> 34903753 | Q21: =+T6 -> 100 | V21: KM | W21: =+Q21/1000 -> 0.1
C22: 9 | D22: 3.12.03 | G22: TRANSPORTE DE MATERIAL DE AFIRMADO Y/O GRANULAR DESPUÉS DE 5 KM (INSTALADO Y COMPACTADO SEGÚN SECCIÓN DE DISEÑO). | H22: M3-KM | I22: =+W59 -> 375 | J22: 2312.5 | K22: =J22*(1+$L$49) -> 3006.25 | L22: =I22*K22 -> 1127343.8
C23: 10 | D23: 3.09.15 | G23: SUMINISTRO E INSTALACION SEÑAL VIAL PREVENTIVA, TAMAÑO 75*75 cm. SEGUN NORMA INVIAS | H23: UND. | I23: =+W64 -> 2 | J23: 430879.73 | K23: =J23*(1+$L$49) -> 560143.65 | L23: =I23*K23 -> 1120287.3 | P23: Ítem | Q23: 3.03.10 EXCAVACION MANUAL EN MATERIAL COMUN
C24: 11 | D24: 3.09.16 | G24: SUMINISTRO E INSTALACION SEÑAL VIAL REGLAMENTARIA, DIAMETRO 75 cm. SEGÚN NORMA INVIAS | H24: UND. | I24: =+W69 -> 2 | J24: 593433.73 | K24: =J24*(1+$L$49) -> 771463.85 | L24: =I24*K24 -> 1542927.7 | P24: =+$C$13 -> VEREDA BARON GALLERO ACCESO PRINCIPAL CON SALIDA A BOGOTA | Q24: Longitud (m) | R24: Ancho (m) | S24: Alto (m) | T24: Volumen Cartera | U24: Cant. De elementos | V24: Unidad | W24: M3
C25: 12 | D25: 3.03.22 | G25: SUMINISTRO E INSTALACION DE CONCRETO DE 14 MPA (2000 PSI) SOLADOS Y ATRAQUES | H25: M3 | I25: =+W74 -> 1.08 | J25: 516357.47 | K25: =J25*(1+$L$49) -> 671264.71 | L25: =I25*K25 -> 724965.89 | V25: Unidad | W25: Total
C26: 13 | D26: 3.03.12 | G26: MEJORAMIENTO DE PISO CON MATERIAL DE AFIRMADO COMPACTADO CON PLANCHA VIBRADORA, INCLUYE ACARREO LIBRE DE 5 KM. | H26: M3 | I26: =+W80 -> 50 | J26: 100304.2 | K26: =J26*(1+$L$49) -> 130395.46 | L26: =I26*K26 -> 6519773 | P26: BERMA-CUNETA | Q26: =+R6 -> 100 | R26: 0.3 | S26: 0.1 | U26: 2 | V26: M3 | W26: =+Q26*R26*S26*U26 -> 6
C27: 14 | D27: 1.01.06 | G27: CONFORMACIÓN COMPACTACIÓN SUBRASANTE CBR=95% | H27: M2 | I27: =+W85 -> 500 | J27: 1249.47 | K27: =J27*(1+$L$49) -> 1624.311 | L27: =I27*K27 -> 812155.5 | P27: RIOSTRIAS | Q27: =+T6 -> 100 | R27: 0.2 | S27: 0.3 | U27: =ROUND(Q27/2.8,0) -> 36 | V27: M3 | W27: =+Q27*R27*S27*U27 -> 216
C28: SUBTOTAL OBRAS (A) | L28: =SUM(L14:L27) -> 1.7307072e+08 | P28: TOTAL | V28: M3 | W28: =+SUM(W26:W27) -> 222
C29: 16 | D29: CONTRATO 1022- MALLA VIAL | G29: ESTUDIOS Y DSEÑOS DE LA VÍA | H29: ML | I29: =+T6 -> 100 | J29: 36134.45 | K29: =J29*(1+$L$49) -> 46974.785 | L29: =I29*K29 -> 4697478.5
C30: SUBTOTAL ESTUDIOS Y DISEÑO (B) | L30: =SUM(L29) -> 4697478.5 | P30: Ítem | Q30: 3.04,07 SUMINISTRO, EXTENDIDO Y COMPACTACION DE MATERIAL SELECCIONADO PARA SUBBASE GRANULAR (INCLUYE ACARRERO LIBRE DE 5 KM)
C31: 18 | P31: =+$C$13 -> VEREDA BARON GALLERO ACCESO PRINCIPAL CON SALIDA A BOGOTA | Q31: Longitud (m) | R31: Ancho (m) | S31: Alto (m) | T31: Volumen Cartera | U31: Cant. De elementos | V31: Unidad | W31: M3
V32: Unidad | W32: Total
Q33: =+R6 -> 100 | R33: 5 | S33: 0.15 | V33: M3 | W33: =+Q33*R33*S33 -> 75
F34: SUB-TOTAL BÁSICO DE OBRA = (A) | L34: =+L28 -> 1.7307072e+08
F35: PLAN DE MANEJO AMBIENTAL = (D) (este ítem no puede ser modificado por el oferente) | L35: =+L28*0.01 -> 1730707.2 | P35: Ítem | Q35: 3.05.11 CONCRETO PARA PAVIMENTO RIGIDO 21 MPa - (3000 PSI), INCLUYE SELLO DE JUNTAS PARA PLACA HUELLA
F36: PLAN DE MANEJO DE TRAFICO = ( F) (este ítem no puede ser modificado por el oferente) | L36: =+L28*0.01 -> 1730707.2 | P36: =+$C$13 -> VEREDA BARON GALLERO ACCESO PRINCIPAL CON SALIDA A BOGOTA | Q36: Longitud (m) | R36: Ancho placa huella e=0,15 (m) | S36: Área de cuneta (m2) | T36: Volumen placa huella (m3) | U36: Volumen cuneta (m3) | V36: Cant. De elemtos | W36: Cant. Riostras cada 2,8 m (UND) | X36: Vol. Riostras 5x2,0x0,30 cada 2,8 m | Y36: Total Riostras (m3) | Z36: Unidad | AA36: Total
F37: VALOR TOTAL OBRA (A) + (D) + (F) = (G) | L37: =SUM(L34:L36) -> 1.7653214e+08 | Q37: =+R6 -> 100 | R37: =+Z6+AB6 -> 1.8 | S37: =+X6+AD6 -> 0.354 | T37: =+Q37*R37*0.15 -> 27 | U37: =+Q37*S37 -> 35.4 | W37: =ROUND(Q37/2.8,0) -> 36 | X37: =5*0.2*0.3 -> 0.3 | Y37: =+W37*X37 -> 10.8 | Z37: M3 | AA37: =+T37+U37+Y37 -> 73.2
F38: VALOR (ESTUDIOS Y DISEÑOS) = (B) (este ítem no puede ser modificado por el oferente) | L38: =+L30 -> 4697478.5
F39: IVA SOBRE ESTUDIOS Y DISEÑOS = (B)*19%=(H) | L39: =+L38*0.19 -> 892520.92 | P39: Ítem | Q39: 3.03.21 SUMINISTRO E INSTALACION DE CONCRETO CICLOPEO DE 21 MPA (3000 PSI). 60% RAJON PARA PLACA HUELLAS INCLUYE SELLO DE JUNTAS
F40: VALOR TOTAL (B+ G + H) Redondeado al peso | L40: =+L38+L37+L39 -> 1.8212213e+08 | P40: =+$C$13 -> VEREDA BARON GALLERO ACCESO PRINCIPAL CON SALIDA A BOGOTA | Q40: Longitud (m) | R40: Ancho (m) | S40: Alto (m) | T40: Volumen Cartera | U40: Cant. De elementos | V40: Unidad | W40: M3
V41: Unidad | W41: Total
Q42: =+R6 -> 100 | R42: =+Y6+AA6+AC6 -> 1.8 | S42: 0.15 | U42: 1 | V42: M3 | W42: =+Q42*R42*S42*U42 -> 27
P44: Ítem | Q44: 3.10.12 SUMINISTRO, FIGURADO Y AMARRE DE ACERO DE 60000 PSI 420 MPA
C45: NOTA 1: Se debe tener en cuenta que el PRECIO UNITARIO incluye el valor de A.I.U. | H45: DESCRIPCION | L45: PORCENTAJE | P45: =+$C$13 -> VEREDA BARON GALLERO ACCESO PRINCIPAL CON SALIDA A BOGOTA | Q45: N° | R45: Longitud (m) | S45: Ancho (m) | T45: Cant. De elementos | U45: Peso (Kg/m2) ó (Kg/m) | V45: PESO/ELEMENTOS | W45: Cant. De elementos | X45: UNIDAD | Y45: TOTAL
C46: NOTA 2: Cuando la fracción decimal del peso sea igual o superior a 5 se aproximará por exceso al número entero siguiente del peso y cuando la fracción decimal del peso sea inferior a 5 se aproximará por defecto al número entero del peso. | H46: ADMINISTRACIÓN | K46: A= | L46: 0.22 | P46: Acero placa vehicular longitudinal (1#4@0,15). | Q46: 4 | R46: =+R6 -> 100 | S46: =+Z6+AB6 -> 1.8 | T46: =ROUND(+S46/0.15,0) -> 12 | U46: 0.994 | V46: =+R46*T46*U46 -> 1192.8 | W46: 1 | X46: KG | Y46: =+V46*W46 -> 1192.8
C47: NOTA 3: El A.I.U y su discriminación deben estar en porcentaje (%). | H47: IMPREVISTO | K47: I= | L47: 0.03 | P47: Acero placa vehicular transversal (1#2@0,30). | Q47: 2 | R47: =+S46 -> 1.8 | T47: =ROUND(R46/0.3+1,0) -> 334 | U47: 0.25 | V47: =+R47*T47*U47 -> 150.3 | W47: 1 | X47: KG | Y47: =+V47*W47 -> 150.3
H48: UTILIDAD | K48: U= | L48: 0.05 | P48: Acero vigas riostra longitudinal (4#4). | Q48: 4 | R48: =+Y6+Z6+AA6+AB6+AC6+0.7+0.7 -> 5 | S48: 0.2 | T48: 4 | U48: 0.994 | V48: =+R48*T48*U48 -> 19.88 | W48: =ROUND(R46/3+1,0) -> 34 | X48: KG | Y48: =+V48*W48 -> 675.92
H49: TOTAL A.I.U | K49: A.I.U.= | L49: 0.3 | P49: Acero vigas riostra transversal (1#2@0,15 L =1,0M) | Q49: 2 | R49: 1 | T49: =ROUND(R48/0.15+1,0) -> 34 | U49: 0.25 | V49: =+R49*T49*U49 -> 8.5 | W49: =ROUND(R46/3+1,0) -> 34 | X49: KG | Y49: =+V49*W49 -> 289
P50: Acero Cunetas longitudinal (5# 4 @ 0,15m) | Q50: 4 | R50: =+R6 -> 100 | S50: 0.5 | T50: 5 | U50: 0.994 | V50: =+R50*T50*U50 -> 497 | W50: 2 | X50: KG | Y50: =+V50*W50 -> 994
P51: Acero Cunetas transversal(1 # 2 @ 0,30m) | Q51: 2 | R51: =+S50 -> 0.5 | T51: =ROUND(R50/0.3+1,0) -> 334 | U51: 0.25 | V51: =+R51*T51*U51 -> 41.75 | W51: 2 | X51: KG | Y51: =+V51*W51 -> 83.5
P52: Acero Cunetas transversal ganchos (1 # 3 @ 0,15m L=0,60M) | Q52: 3 | R52: 0.6 | T52: =ROUND(R46/0.15+1,0) -> 668 | U52: 0.56 | V52: =+R52*T52*U52 -> 224.448 | W52: 2 | X52: KG | Y52: =+V52*W52 -> 448.896
P53: TOTAL | Y53: =SUM(Y46:Y52) -> 3834.416
P55: Ítem | Q55: 3.12.03 TRANSPORTE DE MATERIAL DE AFIRMADO Y/O GRANULAR DESPUES DE 5 KM INSTALADO (INSTALADO Y COMPACTADO SEGÚN DISEÑO)
P56: =+$C$13 -> VEREDA BARON GALLERO ACCESO PRINCIPAL CON SALIDA A BOGOTA | Q56: Cantidad (m3) | R56: Distancia (km) | S56: Alto (m) | T56: Volumen Cartera | U56: Cant. De elementos | V56: Unidad | W56: M3/KM
V57: Unidad | W57: Total
P58: SUB-BASE | Q58: =+W33 -> 75 | R58: 5 | V58: M3/KM | W58: =+Q58*R58 -> 375
P59: TOTAL | W59: =+SUM(W58:W58) -> 375
P61: Ítem | Q61: 3.09.15 SUMINISTRO E INSTALACION DE SEÑAL VIAL PREVENTIVA TAMAÑO 75 X 75 CM SEGÚN NORMA INVIAS
P62: =+$C$13 -> VEREDA BARON GALLERO ACCESO PRINCIPAL CON SALIDA A BOGOTA | Q62: Longitud (m) | R62: Ancho (m) | S62: Alto (m) | T62: Volumen Cartera | U62: Cant. De elementos | V62: Unidad | W62: UND
V63: Unidad | W63: Total
U64: 2 | V64: UND | W64: =+U64 -> 2
P66: Ítem | Q66: 3.09.16 SUMINISTRO E INSTALACION DE SEÑAL VIAL REGLAMENTARIA DIAMETRO 75 CM SEGÚN NORMA INVIAS
P67: =+$C$13 -> VEREDA BARON GALLERO ACCESO PRINCIPAL CON SALIDA A BOGOTA | Q67: Longitud (m) | R67: Ancho (m) | S67: Alto (m) | T67: Volumen Cartera | U67: Cant. De elementos | V67: Unidad | W67: UND
V68: Unidad | W68: Total
U69: 2 | V69: UND | W69: =+U69 -> 2
P71: Ítem | Q71: 3.03.22 SUMINISTRO E INSTALACION DE CONCRETO DE 14 MPA (2000 PSI) SOLADOS Y ATRAQUES (concreto de limpieza vigas riostras)
P72: =+$C$13 -> VEREDA BARON GALLERO ACCESO PRINCIPAL CON SALIDA A BOGOTA | Q72: Longitud (m) | R72: Ancho (m) | S72: Alto (m) | T72: Volumen Cartera | U72: Cant. De elementos | V72: Unidad | W72: M3
V73: Unidad | W73: Total
Q74: 0.2 | R74: 5 | S74: 0.03 | U74: =ROUND(R6/2.8,0) -> 36 | V74: M3 | W74: =+Q74*R74*S74*U74 -> 1.08
P77: Ítem | Q77: 3.03.12 MEJORAMIENTO DE PISO CON MATERIAL DE AFIRMADO COMPACTADO CON PLANCHA VIBRADORA, INCLUYE ACARREO LIBRE DE 5 KM
P78: =+$C$13 -> VEREDA BARON GALLERO ACCESO PRINCIPAL CON SALIDA A BOGOTA | Q78: Longitud (m) | R78: Ancho (m) | S78: Alto (m) | T78: Volumen Cartera | U78: Cant. De elementos | V78: Unidad | W78: M3
V79: Unidad | W79: Total
Q80: =+Q11 -> 100 | R80: =+V6 -> 5 | S80: 0.1 | V80: M3 | W80: =+Q80*R80*S80 -> 50
P82: Ítem | Q82: 1.01.06 CONFORMACIÓN COMPACTACIÓN SUBRASANTE CBR=95%
P83: =+$C$13 -> VEREDA BARON GALLERO ACCESO PRINCIPAL CON SALIDA A BOGOTA | Q83: Longitud (m) | R83: Ancho (m) | S83: Alto (m) | T83: Volumen Cartera | U83: Cant. De elementos | V83: Unidad | W83: M2
V84: Unidad | W84: Total
Q85: =+R6 -> 100 | R85: =+V6 -> 5 | V85: M2 | W85: =+Q85*R85 -> 500

Sheet 02GERMANIA_VÍA_CASCAREJA
C3: Formulario 1 - Propuesta económica - Documento tipo de licitación de obra pública de infraestructura de transporte - versión 3
C4: Código | D4: CCE-EICP-FM-14 | E4: Versión | F4: 3 | P4: TIPO DE CURVA | Q4: ABCISA DESDE | R4: ABCISA LLEGADA | T4: DISTANCIA A CONSTRUIR | V4: ANCHO CALZADA | X4: Berma-cuneta exterior (m) | Y4: Piedra pegada exterior (m) | Z4: Placa-huella exterior (C.) | AA4: Piedra pegada central (m) | AB4: Placa-huella interior 1 (m) (D) | AC4: Piedra pegada interior (m) | AD4: Berma-cuneta exterior (m)
C5: FORMULARIO 1 | P5: TRAMO 1 K0+000 - K0+100
C6: PRESUPUESTO OFICIAL | P6: RECTA | Q6: 0 | R6: 100 | T6: =+R6-Q6 -> 100 | V6: =+VLOOKUP(P6,[6]CURVAS!$A$3:$J$15,2,FALSE) -> 5 | X6: 0.177 | Y6: 0.45 | Z6: =+VLOOKUP(P6,[6]CURVAS!$A$3:$J$15,5,FALSE) -> 0.9 | AA6: =+VLOOKUP(P6,[6]CURVAS!$A$3:$J$15,6,FALSE) -> 0.9 | AB6: =+VLOOKUP(P6,[6]CURVAS!$A$3:$J$15,7,FALSE) -> 0.9 | AC6: 0.45 | AD6: 0.177
C7: [La entidad puede utilizar este formulario de detalle del presupuesto oficial para determinar las condiciones bajo las cuales los proponentes analizarán y presentarán su propuesta económica de forma detallada, sin perjuicio que la entidad pueda modificarlo o establecer la presentación de la oferta económica con un formulario distinto al indicado.]
P8: Ítem | Q8: 3.01.04 LOCALIZACION Y REPLANTEO TOPOGRAFICO
C9: Adicionalmente, cuando el proceso de contratación es estructurado por precios unitarios, la Entidad debe aplicar las notas 1, 2 y 3 del presente formulario y las casillas de "Descripción", "Porcentaje" de la Administración, Imprevisto, Utilidad y total A.I.U. resaltadas en color amarillo. Tratándose de otras modalidades de precio, la Entidad puede o no configurar los mismos aspectos. | P9: =+$C$13 -> VEREDA GEMANIA VÍA LA CASCAREJA | Q9: Longitud (m) | R9: Ancho (m) | S9: Alto (m) | T9: Volumen Cartera | U9: Cant. De elementos | V9: Unidad | W9: KM
V10: Unidad | W10: Total
C11: Nº | D11: ÍTEM DE PAGO | E11: ESPECIFICACIONES | G11: DESCRIPCIÓN | H11: UND. | I11: CANTIDAD | J11: VALOR UNITARIO (SIN AIU) | K11: VALOR UNITARIO | L11: VALOR TOTAL | Q11: =+R6 -> 100 | V11: KM | W11: =+Q11/1000 -> 0.1
E12: GENERAL | F12: PARTICULAR
C13: VEREDA GEMANIA VÍA LA CASCAREJA | P13: Ítem | Q13: 3.02.07 EXCAVACIONES MECANICAS VARIAS EN MATERIAL COMUN EN SECO
C14: 1 | D14: 3.01.04 | G14: LOCALIZACION Y REPLANTEO TOPOGRAFICO | H14: KM | I14: =+W11 -> 0.1 | J14: 3708675.9 | K14: =J14*(1+$L$49) -> 4821278.7 | L14: =I14*K14 -> 482127.87 | P14: =+$C$13 -> VEREDA GEMANIA VÍA LA CASCAREJA | Q14: Longitud (m) | R14: Ancho (m) | S14: Alto (m) | T14: Volumen Cartera | U14: Cant. De elementos | V14: Unidad | W14: M3
C15: 2 | D15: 3.02.07 | G15: EXCAVACIONES MECANICAS VARIAS EN MATERIAL COMUN SECO | H15: M3 | I15: =+W16 -> 150 | J15: 16429.53 | K15: =J15*(1+$L$49) -> 21358.389 | L15: =I15*K15 -> 3203758.4 | V15: Unidad | W15: Total
C16: 3 | D16: 3.04.03 | G16: CUNETEO, PERFILADO Y COMPACTACION DE LA BANCA EXISTENTE. (TRABAJO PREVIO A PAVIMENTACION) | H16: KM | I16: =+W21 -> 0.1 | J16: 1249701 | K16: =J16*(1+$L$49) -> 1624611.3 | L16: =I16*K16 -> 162461.13 | Q16: =+T6 -> 100 | R16: =+V6 -> 5 | S16: 0.3 | V16: M3 | W16: =+Q16*R16*S16 -> 150
C17: 4 | D17: 3.03.10 | G17: EXCAVACION MANUAL EN MATERIAL COMUN | H17: M3 | I17: =+W28 -> 222 | J17: 64546.54 | K17: =J17*(1+$L$49) -> 83910.502 | L17: =I17*K17 -> 18628131
C18: 5 | D18: 3.04.07 | G18: SUMINISTRO, EXTENDIDA Y COMPACTACION DE MATERIAL SELECCIONADO PARA SUBBASE GRANULAR (INCLUYE ACARREO LIBRE DE 5KM) (**) | H18: M3 | I18: =+W33 -> 75 | J18: 102476.51 | K18: =J18*(1+$L$49) -> 133219.46 | L18: =I18*K18 -> 9991459.7 | P18: Ítem | Q18: 3.04.03 CUNETEO, PERFILADO Y COMPACTACION DE LA BANCA EXISTENTE (PREVIO A PAVIMENTACION)
C19: 6 | D19: 3.05.11 | G19: CONCRETO PARA PAVIMENTO RIGIDO 21 MPa - (3000 PSI), INCLUYE SELLO DE JUNTAS PARA PLACA HUELLA | H19: M3 | I19: =+AA37 -> 73.2 | J19: 786317.44 | K19: =J19*(1+$L$49) -> 1022212.7 | L19: =I19*K19 -> 74825968 | P19: =+$C$13 -> VEREDA GEMANIA VÍA LA CASCAREJA | Q19: Longitud (m) | R19: Ancho (m) | S19: Alto (m) | T19: Volumen Cartera | U19: Cant. De elementos | V19: Unidad | W19: KM
C20: 7 | D20: 3.03.21 | G20: SUMINISTRO E INSTALACION DE CONCRETO CICLOPEO DE 21 MPA (3000 PSI) , 60% RAJON PARA PLACA HUELLAS INCLUYE SELLO DE JUNTAS | H20: M3 | I20: =+W42 -> 27 | J20: 542040.13 | K20: =J20*(1+$L$49) -> 704652.17 | L20: =I20*K20 -> 19025609 | V20: Unidad | W20: Total
C21: 8 | D21: 3.10.12 | G21: SUMINISTRO FIGURADO Y ARMADO DE ACERO DE REFUERZO 60000 PSI 420 MPA | H21: KG | I21: =+Y53 -> 3834.416 | J21: 7002.12 | K21: =J21*(1+$L$49) -> 9102.756 | L21: =I21*K21 -> 34903753 | Q21: =+T6 -> 100 | V21: KM | W21: =+Q21/1000 -> 0.1
C22: 9 | D22: 3.12.03 | G22: TRANSPORTE DE MATERIAL DE AFIRMADO Y/O GRANULAR DESPUÉS DE 5 KM (INSTALADO Y COMPACTADO SEGÚN SECCIÓN DE DISEÑO). | H22: M3-KM | I22: =+W59 -> 375 | J22: 2312.5 | K22: =J22*(1+$L$49) -> 3006.25 | L22: =I22*K22 -> 1127343.8
C23: 10 | D23: 3.09.15 | G23: SUMINISTRO E INSTALACION SEÑAL VIAL PREVENTIVA, TAMAÑO 75*75 cm. SEGUN NORMA INVIAS | H23: UND. | I23: =+W64 -> 2 | J23: 430879.73 | K23: =J23*(1+$L$49) -> 560143.65 | L23: =I23*K23 -> 1120287.3 | P23: Ítem | Q23: 3.03.10 EXCAVACION MANUAL EN MATERIAL COMUN
C24: 11 | D24: 3.09.16 | G24: SUMINISTRO E INSTALACION SEÑAL VIAL REGLAMENTARIA, DIAMETRO 75 cm. SEGÚN NORMA INVIAS | H24: UND. | I24: =+W69 -> 2 | J24: 593433.73 | K24: =J24*(1+$L$49) -> 771463.85 | L24: =I24*K24 -> 1542927.7 | P24: =+$C$13 -> VEREDA GEMANIA VÍA LA CASCAREJA | Q24: Longitud (m) | R24: Ancho (m) | S24: Alto (m) | T24: Volumen Cartera | U24: Cant. De elementos | V24: Unidad | W24: M3
C25: 12 | D25: 3.03.22 | G25: SUMINISTRO E INSTALACION DE CONCRETO DE 14 MPA (2000 PSI) SOLADOS Y ATRAQUES | H25: M3 | I25: =+W74 -> 1.08 | J25: 516357.47 | K25: =J25*(1+$L$49) -> 671264.71 | L25: =I25*K25 -> 724965.89 | V25: Unidad | W25: Total
C26: 13 | D26: 3.03.12 | G26: MEJORAMIENTO DE PISO CON MATERIAL DE AFIRMADO COMPACTADO CON PLANCHA VIBRADORA, INCLUYE ACARREO LIBRE DE 5 KM. | H26: M3 | I26: =+W80 -> 50 | J26: 100304.2 | K26: =J26*(1+$L$49) -> 130395.46 | L26: =I26*K26 -> 6519773 | P26: BERMA-CUNETA | Q26: =+R6 -> 100 | R26: 0.3 | S26: 0.1 | U26: 2 | V26: M3 | W26: =+Q26*R26*S26*U26 -> 6
C27: 14 | D27: 1.01.06 | G27: CONFORMACIÓN COMPACTACIÓN SUBRASANTE CBR=95% | H27: M2 | I27: =+W85 -> 500 | J27: 1249.47 | K27: =J27*(1+$L$49) -> 1624.311 | L27: =I27*K27 -> 812155.5 | P27: RIOSTRIAS | Q27: =+T6 -> 100 | R27: 0.2 | S27: 0.3 | U27: =ROUND(Q27/2.8,0) -> 36 | V27: M3 | W27: =+Q27*R27*S27*U27 -> 216
C28: SUBTOTAL OBRAS (A) | L28: =SUM(L14:L27) -> 1.7307072e+08 | P28: TOTAL | V28: M3 | W28: =+SUM(W26:W27) -> 222
C29: 16 | D29: CONTRATO 1022- MALLA VIAL | G29: ESTUDIOS Y DSEÑOS DE LA VÍA | H29: ML | I29: =+T6 -> 100 | J29: 36134.45 | K29: =J29*(1+$L$49) -> 46974.785 | L29: =I29*K29 -> 4697478.5
C30: SUBTOTAL ESTUDIOS Y DISEÑO (B) | L30: =SUM(L29) -> 4697478.5 | P30: Ítem | Q30: 3.04,07 SUMINISTRO, EXTENDIDO Y COMPACTACION DE MATERIAL SELECCIONADO PARA SUBBASE GRANULAR (INCLUYE ACARRERO LIBRE DE 5 KM)
C31: 18 | P31: =+$C$13 -> VEREDA GEMANIA VÍA LA CASCAREJA | Q31: Longitud (m) | R31: Ancho (m) | S31: Alto (m) | T31: Volumen Cartera | U31: Cant. De elementos | V31: Unidad | W31: M3
V32: Unidad | W32: Total
Q33: =+R6 -> 100 | R33: 5 | S33: 0.15 | V33: M3 | W33: =+Q33*R33*S33 -> 75
F34: SUB-TOTAL BÁSICO DE OBRA = (A) | L34: =+L28 -> 1.7307072e+08
F35: PLAN DE MANEJO AMBIENTAL = (D) (este ítem no puede ser modificado por el oferente) | L35: =+L28*0.01 -> 1730707.2 | P35: Ítem | Q35: 3.05.11 CONCRETO PARA PAVIMENTO RIGIDO 21 MPa - (3000 PSI), INCLUYE SELLO DE JUNTAS PARA PLACA HUELLA
F36: PLAN DE MANEJO DE TRAFICO = ( F) (este ítem no puede ser modificado por el oferente) | L36: =+L28*0.01 -> 1730707.2 | P36: =+$C$13 -> VEREDA GEMANIA VÍA LA CASCAREJA | Q36: Longitud (m) | R36: Ancho placa huella e=0,15 (m) | S36: Área de cuneta (m2) | T36: Volumen placa huella (m3) | U36: Volumen cuneta (m3) | V36: Cant. De elemtos | W36: Cant. Riostras cada 2,8 m (UND) | X36: Vol. Riostras 5x2,0x0,30 cada 2,8 m | Y36: Total Riostras (m3) | Z36: Unidad | AA36: Total
F37: VALOR TOTAL OBRA (A) + (D) + (F) = (G) | L37: =SUM(L34:L36) -> 1.7653214e+08 | Q37: =+R6 -> 100 | R37: =+Z6+AB6 -> 1.8 | S37: =+X6+AD6 -> 0.354 | T37: =+Q37*R37*0.15 -> 27 | U37: =+Q37*S37 -> 35.4 | W37: =ROUND(Q37/2.8,0) -> 36 | X37: =5*0.2*0.3 -> 0.3 | Y37: =+W37*X37 -> 10.8 | Z37: M3 | AA37: =+T37+U37+Y37 -> 73.2
F38: VALOR (ESTUDIOS Y DISEÑOS) = (B) (este ítem no puede ser modificado por el oferente) | L38: =+L30 -> 4697478.5
F39: IVA SOBRE ESTUDIOS Y DISEÑOS = (B)*19%=(H) | L39: =+L38*0.19 -> 892520.92 | P39: Ítem | Q39: 3.03.21 SUMINISTRO E INSTALACION DE CONCRETO CICLOPEO DE 21 MPA (3000 PSI). 60% RAJON PARA PLACA HUELLAS INCLUYE SELLO DE JUNTAS
F40: VALOR TOTAL (B+ G + H) Redondeado al peso | L40: =+L38+L37+L39 -> 1.8212213e+08 | P40: =+$C$13 -> VEREDA GEMANIA VÍA LA CASCAREJA | Q40: Longitud (m) | R40: Ancho (m) | S40: Alto (m) | T40: Volumen Cartera | U40: Cant. De elementos | V40: Unidad | W40: M3
V41: Unidad | W41: Total
Q42: =+R6 -> 100 | R42: =+Y6+AA6+AC6 -> 1.8 | S42: 0.15 | U42: 1 | V42: M3 | W42: =+Q42*R42*S42*U42 -> 27
P44: Ítem | Q44: 3.10.12 SUMINISTRO, FIGURADO Y AMARRE DE ACERO DE 60000 PSI 420 MPA
C45: NOTA 1: Se debe tener en cuenta que el PRECIO UNITARIO incluye el valor de A.I.U. | H45: DESCRIPCION | L45: PORCENTAJE | P45: =+$C$13 -> VEREDA GEMANIA VÍA LA CASCAREJA | Q45: N° | R45: Longitud (m) | S45: Ancho (m) | T45: Cant. De elementos | U45: Peso (Kg/m2) ó (Kg/m) | V45: PESO/ELEMENTOS | W45: Cant. De elementos | X45: UNIDAD | Y45: TOTAL
C46: NOTA 2: Cuando la fracción decimal del peso sea igual o superior a 5 se aproximará por exceso al número entero siguiente del peso y cuando la fracción decimal del peso sea inferior a 5 se aproximará por defecto al número entero del peso. | H46: ADMINISTRACIÓN | K46: A= | L46: 0.22 | P46: Acero placa vehicular longitudinal (1#4@0,15). | Q46: 4 | R46: =+R6 -> 100 | S46: =+Z6+AB6 -> 1.8 | T46: =ROUND(+S46/0.15,0) -> 12 | U46: 0.994 | V46: =+R46*T46*U46 -> 1192.8 | W46: 1 | X46: KG | Y46: =+V46*W46 -> 1192.8
C47: NOTA 3: El A.I.U y su discriminación deben estar en porcentaje (%). | H47: IMPREVISTO | K47: I= | L47: 0.03 | P47: Acero placa vehicular transversal (1#2@0,30). | Q47: 2 | R47: =+S46 -> 1.8 | T47: =ROUND(R46/0.3+1,0) -> 334 | U47: 0.25 | V47: =+R47*T47*U47 -> 150.3 | W47: 1 | X47: KG | Y47: =+V47*W47 -> 150.3
H48: UTILIDAD | K48: U= | L48: 0.05 | P48: Acero vigas riostra longitudinal (4#4). | Q48: 4 | R48: =+Y6+Z6+AA6+AB6+AC6+0.7+0.7 -> 5 | S48: 0.2 | T48: 4 | U48: 0.994 | V48: =+R48*T48*U48 -> 19.88 | W48: =ROUND(R46/3+1,0) -> 34 | X48: KG | Y48: =+V48*W48 -> 675.92
H49: TOTAL A.I.U | K49: A.I.U.= | L49: 0.3 | P49: Acero vigas riostra transversal (1#2@0,15 L =1,0M) | Q49: 2 | R49: 1 | T49: =ROUND(R48/0.15+1,0) -> 34 | U49: 0.25 | V49: =+R49*T49*U49 -> 8.5 | W49: =ROUND(R46/3+1,0) -> 34 | X49: KG | Y49: =+V49*W49 -> 289
P50: Acero Cunetas longitudinal (5# 4 @ 0,15m) | Q50: 4 | R50: =+R6 -> 100 | S50: 0.5 | T50: 5 | U50: 0.994 | V50: =+R50*T50*U50 -> 497 | W50: 2 | X50: KG | Y50: =+V50*W50 -> 994
P51: Acero Cunetas transversal(1 # 2 @ 0,30m) | Q51: 2 | R51: =+S50 -> 0.5 | T51: =ROUND(R50/0.3+1,0) -> 334 | U51: 0.25 | V51: =+R51*T51*U51 -> 41.75 | W51: 2 | X51: KG | Y51: =+V51*W51 -> 83.5
P52: Acero Cunetas transversal ganchos (1 # 3 @ 0,15m L=0,60M) | Q52: 3 | R52: 0.6 | T52: =ROUND(R46/0.15+1,0) -> 668 | U52: 0.56 | V52: =+R52*T52*U52 -> 224.448 | W52: 2 | X52: KG | Y52: =+V52*W52 -> 448.896
P53: TOTAL | Y53: =SUM(Y46:Y52) -> 3834.416
P55: Ítem | Q55: 3.12.03 TRANSPORTE DE MATERIAL DE AFIRMADO Y/O GRANULAR DESPUES DE 5 KM INSTALADO (INSTALADO Y COMPACTADO SEGÚN DISEÑO)
P56: =+$C$13 -> VEREDA GEMANIA VÍA LA CASCAREJA | Q56: Cantidad (m3) | R56: Distancia (km) | S56: Alto (m) | T56: Volumen Cartera | U56: Cant. De elementos | V56: Unidad | W56: M3/KM
V57: Unidad | W57: Total
P58: SUB-BASE | Q58: =+W33 -> 75 | R58: 5 | V58: M3/KM | W58: =+Q58*R58 -> 375
P59: TOTAL | W59: =+SUM(W58:W58) -> 375
P61: Ítem | Q61: 3.09.15 SUMINISTRO E INSTALACION DE SEÑAL VIAL PREVENTIVA TAMAÑO 75 X 75 CM SEGÚN NORMA INVIAS
P62: =+$C$13 -> VEREDA GEMANIA VÍA LA CASCAREJA | Q62: Longitud (m) | R62: Ancho (m) | S62: Alto (m) | T62: Volumen Cartera | U62: Cant. De elementos | V62: Unidad | W62: UND
V63: Unidad | W63: Total
U64: 2 | V64: UND | W64: =+U64 -> 2
P66: Ítem | Q66: 3.09.16 SUMINISTRO E INSTALACION DE SEÑAL VIAL REGLAMENTARIA DIAMETRO 75 CM SEGÚN NORMA INVIAS
P67: =+$C$13 -> VEREDA GEMANIA VÍA LA CASCAREJA | Q67: Longitud (m) | R67: Ancho (m) | S67: Alto (m) | T67: Volumen Cartera | U67: Cant. De elementos | V67: Unidad | W67: UND
V68: Unidad | W68: Total
U69: 2 | V69: UND | W69: =+U69 -> 2
P71: Ítem | Q71: 3.03.22 SUMINISTRO E INSTALACION DE CONCRETO DE 14 MPA (2000 PSI) SOLADOS Y ATRAQUES (concreto de limpieza vigas riostras)
P72: =+$C$13 -> VEREDA GEMANIA VÍA LA CASCAREJA | Q72: Longitud (m) | R72: Ancho (m) | S72: Alto (m) | T72: Volumen Cartera | U72: Cant. De elementos | V72: Unidad | W72: M3
V73: Unidad | W73: Total
Q74: 0.2 | R74: 5 | S74: 0.03 | U74: =ROUND(R6/2.8,0) -> 36 | V74: M3 | W74: =+Q74*R74*S74*U74 -> 1.08
P77: Ítem | Q77: 3.03.12 MEJORAMIENTO DE PISO CON MATERIAL DE AFIRMADO COMPACTADO CON PLANCHA VIBRADORA, INCLUYE ACARREO LIBRE DE 5 KM
P78: =+$C$13 -> VEREDA GEMANIA VÍA LA CASCAREJA | Q78: Longitud (m) | R78: Ancho (m) | S78: Alto (m) | T78: Volumen Cartera | U78: Cant. De elementos | V78: Unidad | W78: M3
V79: Unidad | W79: Total
Q80: =+Q11 -> 100 | R80: =+V6 -> 5 | S80: 0.1 | V80: M3 | W80: =+Q80*R80*S80 -> 50
P82: Ítem | Q82: 1.01.06 CONFORMACIÓN COMPACTACIÓN SUBRASANTE CBR=95%
P83: =+$C$13 -> VEREDA GEMANIA VÍA LA CASCAREJA | Q83: Longitud (m) | R83: Ancho (m) | S83: Alto (m) | T83: Volumen Cartera | U83: Cant. De elementos | V83: Unidad | W83: M2
V84: Unidad | W84: Total
Q85: =+R6 -> 100 | R85: =+V6 -> 5 | V85: M2 | W85: =+Q85*R85 -> 500

Sheet 03BARON_GALLERO_TOPO_VIA_LIBER
C3: Formulario 1 - Propuesta económica - Documento tipo de licitación de obra pública de infraestructura de transporte - versión 3
C4: Código | D4: CCE-EICP-FM-14 | E4: Versión | F4: 3 | P4: TIPO DE CURVA | Q4: ABCISA DESDE | R4: ABCISA LLEGADA | T4: DISTANCIA A CONSTRUIR | V4: ANCHO CALZADA | X4: Berma-cuneta exterior (m) | Y4: Piedra pegada exterior (m) | Z4: Placa-huella exterior (C.) | AA4: Piedra pegada central (m) | AB4: Placa-huella interior 1 (m) (D) | AC4: Piedra pegada interior (m) | AD4: Berma-cuneta exterior (m)
C5: FORMULARIO 1 | P5: TRAMO 1 K0+000 - K0+090
C6: PRESUPUESTO OFICIAL | P6: RECTA | Q6: 0 | R6: 90 | T6: =+R6-Q6 -> 90 | V6: =+VLOOKUP(P6,[6]CURVAS!$A$3:$J$15,2,FALSE) -> 5 | X6: 0.177 | Y6: 0.45 | Z6: =+VLOOKUP(P6,[6]CURVAS!$A$3:$J$15,5,FALSE) -> 0.9 | AA6: =+VLOOKUP(P6,[6]CURVAS!$A$3:$J$15,6,FALSE) -> 0.9 | AB6: =+VLOOKUP(P6,[6]CURVAS!$A$3:$J$15,7,FALSE) -> 0.9 | AC6: 0.45 | AD6: 0.177
C7: [La entidad puede utilizar este formulario de detalle del presupuesto oficial para determinar las condiciones bajo las cuales los proponentes analizarán y presentarán su propuesta económica de forma detallada, sin perjuicio que la entidad pueda modificarlo o establecer la presentación de la oferta económica con un formulario distinto al indicado.]
P8: Ítem | Q8: 3.01.04 LOCALIZACION Y REPLANTEO TOPOGRAFICO
C9: Adicionalmente, cuando el proceso de contratación es estructurado por precios unitarios, la Entidad debe aplicar las notas 1, 2 y 3 del presente formulario y las casillas de "Descripción", "Porcentaje" de la Administración, Imprevisto, Utilidad y total A.I.U. resaltadas en color amarillo. Tratándose de otras modalidades de precio, la Entidad puede o no configurar los mismos aspectos. | P9: =+$C$13 -> VEREDA BARON GALLERO - EL TOPO HASTA VÍA LIBERTADOR | Q9: Longitud (m) | R9: Ancho (m) | S9: Alto (m) | T9: Volumen Cartera | U9: Cant. De elementos | V9: Unidad | W9: KM
V10: Unidad | W10: Total
C11: Nº | D11: ÍTEM DE PAGO | E11: ESPECIFICACIONES | G11: DESCRIPCIÓN | H11: UND. | I11: CANTIDAD | J11: VALOR UNITARIO (SIN AIU) | K11: VALOR UNITARIO | L11: VALOR TOTAL | Q11: =+R6 -> 90 | V11: KM | W11: =+Q11/1000 -> 0.09
E12: GENERAL | F12: PARTICULAR
C13: VEREDA BARON GALLERO - EL TOPO HASTA VÍA LIBERTADOR | P13: Ítem | Q13: 3.02.07 EXCAVACIONES MECANICAS VARIAS EN MATERIAL COMUN EN SECO
C14: 1 | D14: 3.01.04 | G14: LOCALIZACION Y REPLANTEO TOPOGRAFICO | H14: KM | I14: =+W11 -> 0.09 | J14: 3708675.9 | K14: =J14*(1+$L$49) -> 4821278.7 | L14: =I14*K14 -> 433915.08 | P14: =+$C$13 -> VEREDA BARON GALLERO - EL TOPO HASTA VÍA LIBERTADOR | Q14: Longitud (m) | R14: Ancho (m) | S14: Alto (m) | T14: Volumen Cartera | U14: Cant. De elementos | V14: Unidad | W14: M3
C15: 2 | D15: 3.02.07 | G15: EXCAVACIONES MECANICAS VARIAS EN MATERIAL COMUN SECO | H15: M3 | I15: =+W16 -> 135 | J15: 16429.53 | K15: =J15*(1+$L$49) -> 21358.389 | L15: =I15*K15 -> 2883382.5 | V15: Unidad | W15: Total
C16: 3 | D16: 3.04.03 | G16: CUNETEO, PERFILADO Y COMPACTACION DE LA BANCA EXISTENTE. (TRABAJO PREVIO A PAVIMENTACION) | H16: KM | I16: =+W21 -> 0.09 | J16: 1249701 | K16: =J16*(1+$L$49) -> 1624611.3 | L16: =I16*K16 -> 146215.02 | Q16: =+T6 -> 90 | R16: =+V6 -> 5 | S16: 0.3 | V16: M3 | W16: =+Q16*R16*S16 -> 135
C17: 4 | D17: 3.03.10 | G17: EXCAVACION MANUAL EN MATERIAL COMUN | H17: M3 | I17: =+W28 -> 178.2 | J17: 64546.54 | K17: =J17*(1+$L$49) -> 83910.502 | L17: =I17*K17 -> 14952851
C18: 5 | D18: 3.04.07 | G18: SUMINISTRO, EXTENDIDA Y COMPACTACION DE MATERIAL SELECCIONADO PARA SUBBASE GRANULAR (INCLUYE ACARREO LIBRE DE 5KM) (**) | H18: M3 | I18: =+W33 -> 67.5 | J18: 102476.51 | K18: =J18*(1+$L$49) -> 133219.46 | L18: =I18*K18 -> 8992313.8 | P18: Ítem | Q18: 3.04.03 CUNETEO, PERFILADO Y COMPACTACION DE LA BANCA EXISTENTE (PREVIO A PAVIMENTACION)
C19: 6 | D19: 3.05.11 | G19: CONCRETO PARA PAVIMENTO RIGIDO 21 MPa - (3000 PSI), INCLUYE SELLO DE JUNTAS PARA PLACA HUELLA | H19: M3 | I19: =+AA37 -> 65.76 | J19: 786317.44 | K19: =J19*(1+$L$49) -> 1022212.7 | L19: =I19*K19 -> 67220705 | P19: =+$C$13 -> VEREDA BARON GALLERO - EL TOPO HASTA VÍA LIBERTADOR | Q19: Longitud (m) | R19: Ancho (m) | S19: Alto (m) | T19: Volumen Cartera | U19: Cant. De elementos | V19: Unidad | W19: KM
C20: 7 | D20: 3.03.21 | G20: SUMINISTRO E INSTALACION DE CONCRETO CICLOPEO DE 21 MPA (3000 PSI) , 60% RAJON PARA PLACA HUELLAS INCLUYE SELLO DE JUNTAS | H20: M3 | I20: =+W42 -> 24.3 | J20: 542040.13 | K20: =J20*(1+$L$49) -> 704652.17 | L20: =I20*K20 -> 17123048 | V20: Unidad | W20: Total
C21: 8 | D21: 3.10.12 | G21: SUMINISTRO FIGURADO Y ARMADO DE ACERO DE REFUERZO 60000 PSI 420 MPA | H21: KG | I21: =+Y53 -> 3462.472 | J21: 7002.12 | K21: =J21*(1+$L$49) -> 9102.756 | L21: =I21*K21 -> 31518038 | Q21: =+T6 -> 90 | V21: KM | W21: =+Q21/1000 -> 0.09
C22: 9 | D22: 3.12.03 | G22: TRANSPORTE DE MATERIAL DE AFIRMADO Y/O GRANULAR DESPUÉS DE 5 KM (INSTALADO Y COMPACTADO SEGÚN SECCIÓN DE DISEÑO). | H22: M3-KM | I22: =+W59 -> 337.5 | J22: 2312.5 | K22: =J22*(1+$L$49) -> 3006.25 | L22: =I22*K22 -> 1014609.4
C23: 10 | D23: 3.09.15 | G23: SUMINISTRO E INSTALACION SEÑAL VIAL PREVENTIVA, TAMAÑO 75*75 cm. SEGUN NORMA INVIAS | H23: UND. | I23: =+W64 -> 2 | J23: 430879.73 | K23: =J23*(1+$L$49) -> 560143.65 | L23: =I23*K23 -> 1120287.3 | P23: Ítem | Q23: 3.03.10 EXCAVACION MANUAL EN MATERIAL COMUN
C24: 11 | D24: 3.09.16 | G24: SUMINISTRO E INSTALACION SEÑAL VIAL REGLAMENTARIA, DIAMETRO 75 cm. SEGÚN NORMA INVIAS | H24: UND. | I24: =+W69 -> 2 | J24: 593433.73 | K24: =J24*(1+$L$49) -> 771463.85 | L24: =I24*K24 -> 1542927.7 | P24: =+$C$13 -> VEREDA BARON GALLERO - EL TOPO HASTA VÍA LIBERTADOR | Q24: Longitud (m) | R24: Ancho (m) | S24: Alto (m) | T24: Volumen Cartera | U24: Cant. De elementos | V24: Unidad | W24: M3
C25: 12 | D25: 3.03.22 | G25: SUMINISTRO E INSTALACION DE CONCRETO DE 14 MPA (2000 PSI) SOLADOS Y ATRAQUES | H25: M3 | I25: =+W74 -> 0.96 | J25: 516357.47 | K25: =J25*(1+$L$49) -> 671264.71 | L25: =I25*K25 -> 644414.12 | V25: Unidad | W25: Total
C26: 13 | D26: 3.03.12 | G26: MEJORAMIENTO DE PISO CON MATERIAL DE AFIRMADO COMPACTADO CON PLANCHA VIBRADORA, INCLUYE ACARREO LIBRE DE 5 KM. | H26: M3 | I26: =+W80 -> 45 | J26: 100304.2 | K26: =J26*(1+$L$49) -> 130395.46 | L26: =I26*K26 -> 5867795.7 | P26: BERMA-CUNETA | Q26: =+R6 -> 90 | R26: 0.3 | S26: 0.1 | U26: 2 | V26: M3 | W26: =+Q26*R26*S26*U26 -> 5.4
C27: 14 | D27: 1.01.06 | G27: CONFORMACIÓN COMPACTACIÓN SUBRASANTE CBR=95% | H27: M2 | I27: =+W85 -> 450 | J27: 1249.47 | K27: =J27*(1+$L$49) -> 1624.311 | L27: =I27*K27 -> 730939.95 | P27: RIOSTRIAS | Q27: =+T6 -> 90 | R27: 0.2 | S27: 0.3 | U27: =ROUND(Q27/2.8,0) -> 32 | V27: M3 | W27: =+Q27*R27*S27*U27 -> 172.8
C28: SUBTOTAL OBRAS (A) | L28: =SUM(L14:L27) -> 1.5419144e+08 | P28: TOTAL | V28: M3 | W28: =+SUM(W26:W27) -> 178.2
C29: 16 | D29: CONTRATO 1022- MALLA VIAL | G29: ESTUDIOS Y DSEÑOS DE LA VÍA | H29: ML | I29: =+T6 -> 90 | J29: 36134.45 | K29: =J29*(1+$L$49) -> 46974.785 | L29: =I29*K29 -> 4227730.6
C30: SUBTOTAL ESTUDIOS Y DISEÑO (B) | L30: =SUM(L29) -> 4227730.6 | P30: Ítem | Q30: 3.04,07 SUMINISTRO, EXTENDIDO Y COMPACTACION DE MATERIAL SELECCIONADO PARA SUBBASE GRANULAR (INCLUYE ACARRERO LIBRE DE 5 KM)
C31: 18 | P31: =+$C$13 -> VEREDA BARON GALLERO - EL TOPO HASTA VÍA LIBERTADOR | Q31: Longitud (m) | R31: Ancho (m) | S31: Alto (m) | T31: Volumen Cartera | U31: Cant. De elementos | V31: Unidad | W31: M3
V32: Unidad | W32: Total
Q33: =+R6 -> 90 | R33: 5 | S33: 0.15 | V33: M3 | W33: =+Q33*R33*S33 -> 67.5
F34: SUB-TOTAL BÁSICO DE OBRA = (A) | L34: =+L28 -> 1.5419144e+08
F35: PLAN DE MANEJO AMBIENTAL = (D) (este ítem no puede ser modificado por el oferente) | L35: =+L28*0.01 -> 1541914.4 | P35: Ítem | Q35: 3.05.11 CONCRETO PARA PAVIMENTO RIGIDO 21 MPa - (3000 PSI), INCLUYE SELLO DE JUNTAS PARA PLACA HUELLA
F36: PLAN DE MANEJO DE TRAFICO = ( F) (este ítem no puede ser modificado por el oferente) | L36: =+L28*0.01 -> 1541914.4 | P36: =+$C$13 -> VEREDA BARON GALLERO - EL TOPO HASTA VÍA LIBERTADOR | Q36: Longitud (m) | R36: Ancho placa huella e=0,15 (m) | S36: Área de cuneta (m2) | T36: Volumen placa huella (m3) | U36: Volumen cuneta (m3) | V36: Cant. De elemtos | W36: Cant. Riostras cada 2,8 m (UND) | X36: Vol. Riostras 5x2,0x0,30 cada 2,8 m | Y36: Total Riostras (m3) | Z36: Unidad | AA36: Total
F37: VALOR TOTAL OBRA (A) + (D) + (F) = (G) | L37: =SUM(L34:L36) -> 1.5727527e+08 | Q37: =+R6 -> 90 | R37: =+Z6+AB6 -> 1.8 | S37: =+X6+AD6 -> 0.354 | T37: =+Q37*R37*0.15 -> 24.3 | U37: =+Q37*S37 -> 31.86 | W37: =ROUND(Q37/2.8,0) -> 32 | X37: =5*0.2*0.3 -> 0.3 | Y37: =+W37*X37 -> 9.6 | Z37: M3 | AA37: =+T37+U37+Y37 -> 65.76
F38: VALOR (ESTUDIOS Y DISEÑOS) = (B) (este ítem no puede ser modificado por el oferente) | L38: =+L30 -> 4227730.6
F39: IVA SOBRE ESTUDIOS Y DISEÑOS = (B)*19%=(H) | L39: =+L38*0.19 -> 803268.82 | P39: Ítem | Q39: 3.03.21 SUMINISTRO E INSTALACION DE CONCRETO CICLOPEO DE 21 MPA (3000 PSI). 60% RAJON PARA PLACA HUELLAS INCLUYE SELLO DE JUNTAS
F40: VALOR TOTAL (B+ G + H) Redondeado al peso | L40: =+L38+L37+L39 -> 1.6230627e+08 | P40: =+$C$13 -> VEREDA BARON GALLERO - EL TOPO HASTA VÍA LIBERTADOR | Q40: Longitud (m) | R40: Ancho (m) | S40: Alto (m) | T40: Volumen Cartera | U40: Cant. De elementos | V40: Unidad | W40: M3
V41: Unidad | W41: Total
Q42: =+R6 -> 90 | R42: =+Y6+AA6+AC6 -> 1.8 | S42: 0.15 | U42: 1 | V42: M3 | W42: =+Q42*R42*S42*U42 -> 24.3
P44: Ítem | Q44: 3.10.12 SUMINISTRO, FIGURADO Y AMARRE DE ACERO DE 60000 PSI 420 MPA
C45: NOTA 1: Se debe tener en cuenta que el PRECIO UNITARIO incluye el valor de A.I.U. | H45: DESCRIPCION | L45: PORCENTAJE | P45: =+$C$13 -> VEREDA BARON GALLERO - EL TOPO HASTA VÍA LIBERTADOR | Q45: N° | R45: Longitud (m) | S45: Ancho (m) | T45: Cant. De elementos | U45: Peso (Kg/m2) ó (Kg/m) | V45: PESO/ELEMENTOS | W45: Cant. De elementos | X45: UNIDAD | Y45: TOTAL
C46: NOTA 2: Cuando la fracción decimal del peso sea igual o superior a 5 se aproximará por exceso al número entero siguiente del peso y cuando la fracción decimal del peso sea inferior a 5 se aproximará por defecto al número entero del peso. | H46: ADMINISTRACIÓN | K46: A= | L46: 0.22 | P46: Acero placa vehicular longitudinal (1#4@0,15). | Q46: 4 | R46: =+R6 -> 90 | S46: =+Z6+AB6 -> 1.8 | T46: =ROUND(+S46/0.15,0) -> 12 | U46: 0.994 | V46: =+R46*T46*U46 -> 1073.52 | W46: 1 | X46: KG | Y46: =+V46*W46 -> 1073.52
C47: NOTA 3: El A.I.U y su discriminación deben estar en porcentaje (%). | H47: IMPREVISTO | K47: I= | L47: 0.03 | P47: Acero placa vehicular transversal (1#2@0,30). | Q47: 2 | R47: =+S46 -> 1.8 | T47: =ROUND(R46/0.3+1,0) -> 301 | U47: 0.25 | V47: =+R47*T47*U47 -> 135.45 | W47: 1 | X47: KG | Y47: =+V47*W47 -> 135.45
H48: UTILIDAD | K48: U= | L48: 0.05 | P48: Acero vigas riostra longitudinal (4#4). | Q48: 4 | R48: =+Y6+Z6+AA6+AB6+AC6+0.7+0.7 -> 5 | S48: 0.2 | T48: 4 | U48: 0.994 | V48: =+R48*T48*U48 -> 19.88 | W48: =ROUND(R46/3+1,0) -> 31 | X48: KG | Y48: =+V48*W48 -> 616.28
H49: TOTAL A.I.U | K49: A.I.U.= | L49: 0.3 | P49: Acero vigas riostra transversal (1#2@0,15 L =1,0M) | Q49: 2 | R49: 1 | T49: =ROUND(R48/0.15+1,0) -> 34 | U49: 0.25 | V49: =+R49*T49*U49 -> 8.5 | W49: =ROUND(R46/3+1,0) -> 31 | X49: KG | Y49: =+V49*W49 -> 263.5
P50: Acero Cunetas longitudinal (5# 4 @ 0,15m) | Q50: 4 | R50: =+R6 -> 90 | S50: 0.5 | T50: 5 | U50: 0.994 | V50: =+R50*T50*U50 -> 447.3 | W50: 2 | X50: KG | Y50: =+V50*W50 -> 894.6
P51: Acero Cunetas transversal(1 # 2 @ 0,30m) | Q51: 2 | R51: =+S50 -> 0.5 | T51: =ROUND(R50/0.3+1,0) -> 301 | U51: 0.25 | V51: =+R51*T51*U51 -> 37.625 | W51: 2 | X51: KG | Y51: =+V51*W51 -> 75.25
P52: Acero Cunetas transversal ganchos (1 # 3 @ 0,15m L=0,60M) | Q52: 3 | R52: 0.6 | T52: =ROUND(R46/0.15+1,0) -> 601 | U52: 0.56 | V52: =+R52*T52*U52 -> 201.936 | W52: 2 | X52: KG | Y52: =+V52*W52 -> 403.872
P53: TOTAL | Y53: =SUM(Y46:Y52) -> 3462.472
P55: Ítem | Q55: 3.12.03 TRANSPORTE DE MATERIAL DE AFIRMADO Y/O GRANULAR DESPUES DE 5 KM INSTALADO (INSTALADO Y COMPACTADO SEGÚN DISEÑO)
P56: =+$C$13 -> VEREDA BARON GALLERO - EL TOPO HASTA VÍA LIBERTADOR | Q56: Cantidad (m3) | R56: Distancia (km) | S56: Alto (m) | T56: Volumen Cartera | U56: Cant. De elementos | V56: Unidad | W56: M3/KM
V57: Unidad | W57: Total
P58: SUB-BASE | Q58: =+W33 -> 67.5 | R58: 5 | V58: M3/KM | W58: =+Q58*R58 -> 337.5
P59: TOTAL | W59: =+SUM(W58:W58) -> 337.5
P61: Ítem | Q61: 3.09.15 SUMINISTRO E INSTALACION DE SEÑAL VIAL PREVENTIVA TAMAÑO 75 X 75 CM SEGÚN NORMA INVIAS
P62: =+$C$13 -> VEREDA BARON GALLERO - EL TOPO HASTA VÍA LIBERTADOR | Q62: Longitud (m) | R62: Ancho (m) | S62: Alto (m) | T62: Volumen Cartera | U62: Cant. De elementos | V62: Unidad | W62: UND
V63: Unidad | W63: Total
U64: 2 | V64: UND | W64: =+U64 -> 2
P66: Ítem | Q66: 3.09.16 SUMINISTRO E INSTALACION DE SEÑAL VIAL REGLAMENTARIA DIAMETRO 75 CM SEGÚN NORMA INVIAS
P67: =+$C$13 -> VEREDA BARON GALLERO - EL TOPO HASTA VÍA LIBERTADOR | Q67: Longitud (m) | R67: Ancho (m) | S67: Alto (m) | T67: Volumen Cartera | U67: Cant. De elementos | V67: Unidad | W67: UND
V68: Unidad | W68: Total
U69: 2 | V69: UND | W69: =+U69 -> 2
P71: Ítem | Q71: 3.03.22 SUMINISTRO E INSTALACION DE CONCRETO DE 14 MPA (2000 PSI) SOLADOS Y ATRAQUES (concreto de limpieza vigas riostras)
P72: =+$C$13 -> VEREDA BARON GALLERO - EL TOPO HASTA VÍA LIBERTADOR | Q72: Longitud (m) | R72: Ancho (m) | S72: Alto (m) | T72: Volumen Cartera | U72: Cant. De elementos | V72: Unidad | W72: M3
V73: Unidad | W73: Total
Q74: 0.2 | R74: 5 | S74: 0.03 | U74: =ROUND(R6/2.8,0) -> 32 | V74: M3 | W74: =+Q74*R74*S74*U74 -> 0.96
P77: Ítem | Q77: 3.03.12 MEJORAMIENTO DE PISO CON MATERIAL DE AFIRMADO COMPACTADO CON PLANCHA VIBRADORA, INCLUYE ACARREO LIBRE DE 5 KM
P78: =+$C$13 -> VEREDA BARON GALLERO - EL TOPO HASTA VÍA LIBERTADOR | Q78: Longitud (m) | R78: Ancho (m) | S78: Alto (m) | T78: Volumen Cartera | U78: Cant. De elementos | V78: Unidad | W78: M3
V79: Unidad | W79: Total
Q80: =+Q11 -> 90 | R80: =+V6 -> 5 | S80: 0.1 | V80: M3 | W80: =+Q80*R80*S80 -> 45
P82: Ítem | Q82: 1.01.06 CONFORMACIÓN COMPACTACIÓN SUBRASANTE CBR=95%
P83: =+$C$13 -> VEREDA BARON GALLERO - EL TOPO HASTA VÍA LIBERTADOR | Q83: Longitud (m) | R83: Ancho (m) | S83: Alto (m) | T83: Volumen Cartera | U83: Cant. De elementos | V83: Unidad | W83: M2
V84: Unidad | W84: Total
Q85: =+R6 -> 90 | R85: =+V6 -> 5 | V85: M2 | W85: =+Q85*R85 -> 450

Sheet 04CHORRO_BLANCO_SECTOR_T.NUEVA
C3: Formulario 1 - Propuesta económica - Documento tipo de licitación de obra pública de infraestructura de transporte - versión 3
C4: Código | D4: CCE-EICP-FM-14 | E4: Versión | F4: 3 | P4: TIPO DE CURVA | Q4: ABCISA DESDE | R4: ABCISA LLEGADA | T4: DISTANCIA A CONSTRUIR | V4: ANCHO CALZADA | X4: Berma-cuneta exterior (m) | Y4: Piedra pegada exterior (m) | Z4: Placa-huella exterior (C.) | AA4: Piedra pegada central (m) | AB4: Placa-huella interior 1 (m) (D) | AC4: Piedra pegada interior (m) | AD4: Berma-cuneta exterior (m)
C5: FORMULARIO 1 | P5: TRAMO 1 K0+000 - K0+200
C6: PRESUPUESTO OFICIAL | P6: RECTA | Q6: 0 | R6: 147.4166 | T6: =+R6-Q6 -> 147.4166 | V6: =+VLOOKUP(P6,[6]CURVAS!$A$3:$J$15,2,FALSE) -> 5 | X6: 0.177 | Y6: 0.45 | Z6: =+VLOOKUP(P6,[6]CURVAS!$A$3:$J$15,5,FALSE) -> 0.9 | AA6: =+VLOOKUP(P6,[6]CURVAS!$A$3:$J$15,6,FALSE) -> 0.9 | AB6: =+VLOOKUP(P6,[6]CURVAS!$A$3:$J$15,7,FALSE) -> 0.9 | AC6: 0.45 | AD6: 0.177
C7: [La entidad puede utilizar este formulario de detalle del presupuesto oficial para determinar las condiciones bajo las cuales los proponentes analizarán y presentarán su propuesta económica de forma detallada, sin perjuicio que la entidad pueda modificarlo o establecer la presentación de la oferta económica con un formulario distinto al indicado.]
P8: Ítem | Q8: 3.01.04 LOCALIZACION Y REPLANTEO TOPOGRAFICO
C9: Adicionalmente, cuando el proceso de contratación es estructurado por precios unitarios, la Entidad debe aplicar las notas 1, 2 y 3 del presente formulario y las casillas de "Descripción", "Porcentaje" de la Administración, Imprevisto, Utilidad y total A.I.U. resaltadas en color amarillo. Tratándose de otras modalidades de precio, la Entidad puede o no configurar los mismos aspectos. | P9: =+$C$13 -> VEREDA CHORRO ALTO BLANCO (SECTOR TIENDA NUEVA) | Q9: Longitud (m) | R9: Ancho (m) | S9: Alto (m) | T9: Volumen Cartera | U9: Cant. De elementos | V9: Unidad | W9: KM
V10: Unidad | W10: Total
C11: Nº | D11: ÍTEM DE PAGO | E11: ESPECIFICACIONES | G11: DESCRIPCIÓN | H11: UND. | I11: CANTIDAD | J11: VALOR UNITARIO (SIN AIU) | K11: VALOR UNITARIO | L11: VALOR TOTAL | Q11: =+R6 -> 147.4166 | V11: KM | W11: =+Q11/1000 -> 0.1474166
E12: GENERAL | F12: PARTICULAR
C13: VEREDA CHORRO ALTO BLANCO (SECTOR TIENDA NUEVA) | P13: Ítem | Q13: 3.02.07 EXCAVACIONES MECANICAS VARIAS EN MATERIAL COMUN EN SECO
C14: 1 | D14: 3.01.04 | G14: LOCALIZACION Y REPLANTEO TOPOGRAFICO | H14: KM | I14: =+W11 -> 0.1474166 | J14: 3708675.9 | K14: =J14*(1+$L$49) -> 4821278.7 | L14: =I14*K14 -> 710736.51 | P14: =+$C$13 -> VEREDA CHORRO ALTO BLANCO (SECTOR TIENDA NUEVA) | Q14: Longitud (m) | R14: Ancho (m) | S14: Alto (m) | T14: Volumen Cartera | U14: Cant. De elementos | V14: Unidad | W14: M3
C15: 2 | D15: 3.02.07 | G15: EXCAVACIONES MECANICAS VARIAS EN MATERIAL COMUN SECO | H15: M3 | I15: =+W16 -> 221.1249 | J15: 16429.53 | K15: =J15*(1+$L$49) -> 21358.389 | L15: =I15*K15 -> 4722871.6 | V15: Unidad | W15: Total
C16: 3 | D16: 3.04.03 | G16: CUNETEO, PERFILADO Y COMPACTACION DE LA BANCA EXISTENTE. (TRABAJO PREVIO A PAVIMENTACION) | H16: KM | I16: =+W21 -> 0.1474166 | J16: 1249701 | K16: =J16*(1+$L$49) -> 1624611.3 | L16: =I16*K16 -> 239494.67 | Q16: =+T6 -> 147.4166 | R16: =+V6 -> 5 | S16: 0.3 | V16: M3 | W16: =+Q16*R16*S16 -> 221.1249
C17: 4 | D17: 3.03.10 | G17: EXCAVACION MANUAL EN MATERIAL COMUN | H17: M3 | I17: =+W28 -> 477.62978 | J17: 64546.54 | K17: =J17*(1+$L$49) -> 83910.502 | L17: =I17*K17 -> 40078155
C18: 5 | D18: 3.04.07 | G18: SUMINISTRO, EXTENDIDA Y COMPACTACION DE MATERIAL SELECCIONADO PARA SUBBASE GRANULAR (INCLUYE ACARREO LIBRE DE 5KM) (**) | H18: M3 | I18: =+W33 -> 110.56245 | J18: 102476.51 | K18: =J18*(1+$L$49) -> 133219.46 | L18: =I18*K18 -> 14729070 | P18: Ítem | Q18: 3.04.03 CUNETEO, PERFILADO Y COMPACTACION DE LA BANCA EXISTENTE (PREVIO A PAVIMENTACION)
C19: 6 | D19: 3.05.11 | G19: CONCRETO PARA PAVIMENTO RIGIDO 21 MPa - (3000 PSI), INCLUYE SELLO DE JUNTAS PARA PLACA HUELLA | H19: M3 | I19: =+AA37 -> 107.88796 | J19: 786317.44 | K19: =J19*(1+$L$49) -> 1022212.7 | L19: =I19*K19 -> 1.1028444e+08 | P19: =+$C$13 -> VEREDA CHORRO ALTO BLANCO (SECTOR TIENDA NUEVA) | Q19: Longitud (m) | R19: Ancho (m) | S19: Alto (m) | T19: Volumen Cartera | U19: Cant. De elementos | V19: Unidad | W19: KM
C20: 7 | D20: 3.03.21 | G20: SUMINISTRO E INSTALACION DE CONCRETO CICLOPEO DE 21 MPA (3000 PSI) , 60% RAJON PARA PLACA HUELLAS INCLUYE SELLO DE JUNTAS | H20: M3 | I20: =+W42 -> 39.802482 | J20: 542040.13 | K20: =J20*(1+$L$49) -> 704652.17 | L20: =I20*K20 -> 28046905 | V20: Unidad | W20: Total
C21: 8 | D21: 3.10.12 | G21: SUMINISTRO FIGURADO Y ARMADO DE ACERO DE REFUERZO 60000 PSI 420 MPA | H21: KG | I21: =+Y53 -> 5648.3542 | J21: 7002.12 | K21: =J21*(1+$L$49) -> 9102.756 | L21: =I21*K21 -> 51415590 | Q21: =+T6 -> 147.4166 | V21: KM | W21: =+Q21/1000 -> 0.1474166
C22: 9 | D22: 3.12.03 | G22: TRANSPORTE DE MATERIAL DE AFIRMADO Y/O GRANULAR DESPUÉS DE 5 KM (INSTALADO Y COMPACTADO SEGÚN SECCIÓN DE DISEÑO). | H22: M3-KM | I22: =+W59 -> 552.81225 | J22: 2312.5 | K22: =J22*(1+$L$49) -> 3006.25 | L22: =I22*K22 -> 1661891.8
C23: 10 | D23: 3.09.15 | G23: SUMINISTRO E INSTALACION SEÑAL VIAL PREVENTIVA, TAMAÑO 75*75 cm. SEGUN NORMA INVIAS | H23: UND. | I23: =+W64 -> 2 | J23: 430879.73 | K23: =J23*(1+$L$49) -> 560143.65 | L23: =I23*K23 -> 1120287.3 | P23: Ítem | Q23: 3.03.10 EXCAVACION MANUAL EN MATERIAL COMUN
C24: 11 | D24: 3.09.16 | G24: SUMINISTRO E INSTALACION SEÑAL VIAL REGLAMENTARIA, DIAMETRO 75 cm. SEGÚN NORMA INVIAS | H24: UND. | I24: =+W69 -> 2 | J24: 593433.73 | K24: =J24*(1+$L$49) -> 771463.85 | L24: =I24*K24 -> 1542927.7 | P24: =+$C$13 -> VEREDA CHORRO ALTO BLANCO (SECTOR TIENDA NUEVA) | Q24: Longitud (m) | R24: Ancho (m) | S24: Alto (m) | T24: Volumen Cartera | U24: Cant. De elementos | V24: Unidad | W24: M3
C25: 12 | D25: 3.03.22 | G25: SUMINISTRO E INSTALACION DE CONCRETO DE 14 MPA (2000 PSI) SOLADOS Y ATRAQUES | H25: M3 | I25: =+W74 -> 1.59 | J25: 516357.47 | K25: =J25*(1+$L$49) -> 671264.71 | L25: =I25*K25 -> 1067310.9 | V25: Unidad | W25: Total
C26: 13 | D26: 3.03.12 | G26: MEJORAMIENTO DE PISO CON MATERIAL DE AFIRMADO COMPACTADO CON PLANCHA VIBRADORA, INCLUYE ACARREO LIBRE DE 5 KM. | H26: M3 | I26: =+W80 -> 73.7083 | J26: 100304.2 | K26: =J26*(1+$L$49) -> 130395.46 | L26: =I26*K26 -> 9611227.7 | P26: BERMA-CUNETA | Q26: =+R6 -> 147.4166 | R26: 0.3 | S26: 0.1 | U26: 2 | V26: M3 | W26: =+Q26*R26*S26*U26 -> 8.844996
C27: 14 | D27: 1.01.06 | G27: CONFORMACIÓN COMPACTACIÓN SUBRASANTE CBR=95% | H27: M2 | I27: =+W85 -> 737.083 | J27: 1249.47 | K27: =J27*(1+$L$49) -> 1624.311 | L27: =I27*K27 -> 1197252 | P27: RIOSTRIAS | Q27: =+T6 -> 147.4166 | R27: 0.2 | S27: 0.3 | U27: =ROUND(Q27/2.8,0) -> 53 | V27: M3 | W27: =+Q27*R27*S27*U27 -> 468.78479
C28: SUBTOTAL OBRAS (A) | L28: =SUM(L14:L27) -> 2.6642816e+08 | P28: TOTAL | V28: M3 | W28: =+SUM(W26:W27) -> 477.62978
C29: 16 | D29: CONTRATO 1022- MALLA VIAL | G29: ESTUDIOS Y DSEÑOS DE LA VÍA | H29: ML | I29: =+T6 -> 147.4166 | J29: 36134.45 | K29: =J29*(1+$L$49) -> 46974.785 | L29: =I29*K29 -> 6924863.1
C30: SUBTOTAL ESTUDIOS Y DISEÑO (B) | L30: =SUM(L29) -> 6924863.1 | P30: Ítem | Q30: 3.04,07 SUMINISTRO, EXTENDIDO Y COMPACTACION DE MATERIAL SELECCIONADO PARA SUBBASE GRANULAR (INCLUYE ACARRERO LIBRE DE 5 KM)
C31: 18 | P31: =+$C$13 -> VEREDA CHORRO ALTO BLANCO (SECTOR TIENDA NUEVA) | Q31: Longitud (m) | R31: Ancho (m) | S31: Alto (m) | T31: Volumen Cartera | U31: Cant. De elementos | V31: Unidad | W31: M3
V32: Unidad | W32: Total
Q33: =+R6 -> 147.4166 | R33: 5 | S33: 0.15 | V33: M3 | W33: =+Q33*R33*S33 -> 110.56245
F34: SUB-TOTAL BÁSICO DE OBRA = (A) | L34: =+L28 -> 2.6642816e+08
F35: PLAN DE MANEJO AMBIENTAL = (D) (este ítem no puede ser modificado por el oferente) | L35: =+L28*0.01 -> 2664281.6 | P35: Ítem | Q35: 3.05.11 CONCRETO PARA PAVIMENTO RIGIDO 21 MPa - (3000 PSI), INCLUYE SELLO DE JUNTAS PARA PLACA HUELLA
F36: PLAN DE MANEJO DE TRAFICO = ( F) (este ítem no puede ser modificado por el oferente) | L36: =+L28*0.01 -> 2664281.6 | P36: =+$C$13 -> VEREDA CHORRO ALTO BLANCO (SECTOR TIENDA NUEVA) | Q36: Longitud (m) | R36: Ancho placa huella e=0,15 (m) | S36: Área de cuneta (m2) | T36: Volumen placa huella (m3) | U36: Volumen cuneta (m3) | V36: Cant. De elemtos | W36: Cant. Riostras cada 2,8 m (UND) | X36: Vol. Riostras 5x2,0x0,30 cada 2,8 m | Y36: Total Riostras (m3) | Z36: Unidad | AA36: Total
F37: VALOR TOTAL OBRA (A) + (D) + (F) = (G) | L37: =SUM(L34:L36) -> 2.7175672e+08 | Q37: =+R6 -> 147.4166 | R37: =+Z6+AB6 -> 1.8 | S37: =+X6+AD6 -> 0.354 | T37: =+Q37*R37*0.15 -> 39.802482 | U37: =+Q37*S37 -> 52.185476 | W37: =ROUND(Q37/2.8,0) -> 53 | X37: =5*0.2*0.3 -> 0.3 | Y37: =+W37*X37 -> 15.9 | Z37: M3 | AA37: =+T37+U37+Y37 -> 107.88796
F38: VALOR (ESTUDIOS Y DISEÑOS) = (B) (este ítem no puede ser modificado por el oferente) | L38: =+L30 -> 6924863.1
F39: IVA SOBRE ESTUDIOS Y DISEÑOS = (B)*19%=(H) | L39: =+L38*0.19 -> 1315724 | P39: Ítem | Q39: 3.03.21 SUMINISTRO E INSTALACION DE CONCRETO CICLOPEO DE 21 MPA (3000 PSI). 60% RAJON PARA PLACA HUELLAS INCLUYE SELLO DE JUNTAS
F40: VALOR TOTAL (B+ G + H) Redondeado al peso | L40: =+L38+L37+L39 -> 2.7999731e+08 | P40: =+$C$13 -> VEREDA CHORRO ALTO BLANCO (SECTOR TIENDA NUEVA) | Q40: Longitud (m) | R40: Ancho (m) | S40: Alto (m) | T40: Volumen Cartera | U40: Cant. De elementos | V40: Unidad | W40: M3
V41: Unidad | W41: Total
Q42: =+R6 -> 147.4166 | R42: =+Y6+AA6+AC6 -> 1.8 | S42: 0.15 | U42: 1 | V42: M3 | W42: =+Q42*R42*S42*U42 -> 39.802482
P44: Ítem | Q44: 3.10.12 SUMINISTRO, FIGURADO Y AMARRE DE ACERO DE 60000 PSI 420 MPA
C45: NOTA 1: Se debe tener en cuenta que el PRECIO UNITARIO incluye el valor de A.I.U. | H45: DESCRIPCION | L45: PORCENTAJE | P45: =+$C$13 -> VEREDA CHORRO ALTO BLANCO (SECTOR TIENDA NUEVA) | Q45: N° | R45: Longitud (m) | S45: Ancho (m) | T45: Cant. De elementos | U45: Peso (Kg/m2) ó (Kg/m) | V45: PESO/ELEMENTOS | W45: Cant. De elementos | X45: UNIDAD | Y45: TOTAL
C46: NOTA 2: Cuando la fracción decimal del peso sea igual o superior a 5 se aproximará por exceso al número entero siguiente del peso y cuando la fracción decimal del peso sea inferior a 5 se aproximará por defecto al número entero del peso. | H46: ADMINISTRACIÓN | K46: A= | L46: 0.22 | P46: Acero placa vehicular longitudinal (1#4@0,15). | Q46: 4 | R46: =+R6 -> 147.4166 | S46: =+Z6+AB6 -> 1.8 | T46: =ROUND(+S46/0.15,0) -> 12 | U46: 0.994 | V46: =+R46*T46*U46 -> 1758.3852 | W46: 1 | X46: KG | Y46: =+V46*W46 -> 1758.3852
C47: NOTA 3: El A.I.U y su discriminación deben estar en porcentaje (%). | H47: IMPREVISTO | K47: I= | L47: 0.03 | P47: Acero placa vehicular transversal (1#2@0,30). | Q47: 2 | R47: =+S46 -> 1.8 | T47: =ROUND(R46/0.3+1,0) -> 492 | U47: 0.25 | V47: =+R47*T47*U47 -> 221.4 | W47: 1 | X47: KG | Y47: =+V47*W47 -> 221.4
H48: UTILIDAD | K48: U= | L48: 0.05 | P48: Acero vigas riostra longitudinal (4#4). | Q48: 4 | R48: =+Y6+Z6+AA6+AB6+AC6+0.7+0.7 -> 5 | S48: 0.2 | T48: 4 | U48: 0.994 | V48: =+R48*T48*U48 -> 19.88 | W48: =ROUND(R46/3+1,0) -> 50 | X48: KG | Y48: =+V48*W48 -> 994
H49: TOTAL A.I.U | K49: A.I.U.= | L49: 0.3 | P49: Acero vigas riostra transversal (1#2@0,15 L =1,0M) | Q49: 2 | R49: 1 | T49: =ROUND(R48/0.15+1,0) -> 34 | U49: 0.25 | V49: =+R49*T49*U49 -> 8.5 | W49: =ROUND(R46/3+1,0) -> 50 | X49: KG | Y49: =+V49*W49 -> 425
P50: Acero Cunetas longitudinal (5# 4 @ 0,15m) | Q50: 4 | R50: =+R6 -> 147.4166 | S50: 0.5 | T50: 5 | U50: 0.994 | V50: =+R50*T50*U50 -> 732.6605 | W50: 2 | X50: KG | Y50: =+V50*W50 -> 1465.321
P51: Acero Cunetas transversal(1 # 2 @ 0,30m) | Q51: 2 | R51: =+S50 -> 0.5 | T51: =ROUND(R50/0.3+1,0) -> 492 | U51: 0.25 | V51: =+R51*T51*U51 -> 61.5 | W51: 2 | X51: KG | Y51: =+V51*W51 -> 123
P52: Acero Cunetas transversal ganchos (1 # 3 @ 0,15m L=0,60M) | Q52: 3 | R52: 0.6 | T52: =ROUND(R46/0.15+1,0) -> 984 | U52: 0.56 | V52: =+R52*T52*U52 -> 330.624 | W52: 2 | X52: KG | Y52: =+V52*W52 -> 661.248
P53: TOTAL | Y53: =SUM(Y46:Y52) -> 5648.3542
P55: Ítem | Q55: 3.12.03 TRANSPORTE DE MATERIAL DE AFIRMADO Y/O GRANULAR DESPUES DE 5 KM INSTALADO (INSTALADO Y COMPACTADO SEGÚN DISEÑO)
P56: =+$C$13 -> VEREDA CHORRO ALTO BLANCO (SECTOR TIENDA NUEVA) | Q56: Cantidad (m3) | R56: Distancia (km) | S56: Alto (m) | T56: Volumen Cartera | U56: Cant. De elementos | V56: Unidad | W56: M3/KM
V57: Unidad | W57: Total
P58: SUB-BASE | Q58: =+W33 -> 110.56245 | R58: 5 | V58: M3/KM | W58: =+Q58*R58 -> 552.81225
P59: TOTAL | W59: =+SUM(W58:W58) -> 552.81225
P61: Ítem | Q61: 3.09.15 SUMINISTRO E INSTALACION DE SEÑAL VIAL PREVENTIVA TAMAÑO 75 X 75 CM SEGÚN NORMA INVIAS
P62: =+$C$13 -> VEREDA CHORRO ALTO BLANCO (SECTOR TIENDA NUEVA) | Q62: Longitud (m) | R62: Ancho (m) | S62: Alto (m) | T62: Volumen Cartera | U62: Cant. De elementos | V62: Unidad | W62: UND
V63: Unidad | W63: Total
U64: 2 | V64: UND | W64: =+U64 -> 2
P66: Ítem | Q66: 3.09.16 SUMINISTRO E INSTALACION DE SEÑAL VIAL REGLAMENTARIA DIAMETRO 75 CM SEGÚN NORMA INVIAS
P67: =+$C$13 -> VEREDA CHORRO ALTO BLANCO (SECTOR TIENDA NUEVA) | Q67: Longitud (m) | R67: Ancho (m) | S67: Alto (m) | T67: Volumen Cartera | U67: Cant. De elementos | V67: Unidad | W67: UND
V68: Unidad | W68: Total
U69: 2 | V69: UND | W69: =+U69 -> 2
P71: Ítem | Q71: 3.03.22 SUMINISTRO E INSTALACION DE CONCRETO DE 14 MPA (2000 PSI) SOLADOS Y ATRAQUES (concreto de limpieza vigas riostras)
P72: =+$C$13 -> VEREDA CHORRO ALTO BLANCO (SECTOR TIENDA NUEVA) | Q72: Longitud (m) | R72: Ancho (m) | S72: Alto (m) | T72: Volumen Cartera | U72: Cant. De elementos | V72: Unidad | W72: M3
V73: Unidad | W73: Total
Q74: 0.2 | R74: 5 | S74: 0.03 | U74: =ROUND(R6/2.8,0) -> 53 | V74: M3 | W74: =+Q74*R74*S74*U74 -> 1.59
P77: Ítem | Q77: 3.03.12 MEJORAMIENTO DE PISO CON MATERIAL DE AFIRMADO COMPACTADO CON PLANCHA VIBRADORA, INCLUYE ACARREO LIBRE DE 5 KM
P78: =+$C$13 -> VEREDA CHORRO ALTO BLANCO (SECTOR TIENDA NUEVA) | Q78: Longitud (m) | R78: Ancho (m) | S78: Alto (m) | T78: Volumen Cartera | U78: Cant. De elementos | V78: Unidad | W78: M3
V79: Unidad | W79: Total
Q80: =+Q11 -> 147.4166 | R80: =+V6 -> 5 | S80: 0.1 | V80: M3 | W80: =+Q80*R80*S80 -> 73.7083
P82: Ítem | Q82: 1.01.06 CONFORMACIÓN COMPACTACIÓN SUBRASANTE CBR=95%
P83: =+$C$13 -> VEREDA CHORRO ALTO BLANCO (SECTOR TIENDA NUEVA) | Q83: Longitud (m) | R83: Ancho (m) | S83: Alto (m) | T83: Volumen Cartera | U83: Cant. De elementos | V83: Unidad | W83: M2
V84: Unidad | W84: Total
Q85: =+R6 -> 147.4166 | R85: =+V6 -> 5 | V85: M2 | W85: =+Q85*R85 -> 737.083
